 Dungeon Crawl Stone Soup version 0.26-a0-810-ge1a9524b62 (webtiles) character file.

Game seed: 15948022500311128052

1466145 mattiecakes the Bringer of Light (level 27, -4/145 HPs)
             Began as a Gargoyle Fighter on Nov 11, 2020.
             Was the Champion of the Shining One.
             Killed from afar by Samnuraw the pandemonium lord (41 damage)
             ... with a great blast of fire
             ... in Pandemonium on Nov 13, 2020.
             The game lasted 06:10:18 (123879 turns).

mattiecakes the Bringer of Light (GrFi)           Turns: 123879, Time: 06:10:18

Health: -4/145     AC: 64    Str: 37      XL:     27
Magic:  46/60      EV: 14    Int: 14 (15) God:    the Shining One [******]
Gold:   10678      SH: 41    Dex:  5      Spells: 61/79 levels left

rFire    + + +     SeeInvis .   D - +9 broad axe (holy)
rCold    + + +     Faith    .   s - +8 tower shield "Kaovira" {rF+ rC+ rN++}
rNeg     + + +     Spirit   .   p - +8 orange crystal plate armour {Archmagi, Int+3 Clar}
rPois    ∞         Reflect  +   (helmet restricted)
rElec    +         Harm     .   X - +0 cloak {MR+}
rCorr    .         Rampage  .   U - +3 pair of gauntlets of War {Slay+5}
MR       +++++     Clarity  +   P - +0 pair of boots of Imperfection {rC+ Int+5 Slay+5} Stlth ..........Rnd*Tele +
                                t - amulet of Autumn {Reflect +Inv MR- Str+6 SH+5}
HPRegen  0.00/turn              K - ring "Dizazav" {rF+ rC+ MR+ MP+9}
MPRegen  0.37/turn              M - ring of Otigis {rElec rN+ MR++ MP+9 Str+4}

@: flying, glowing, studying 3 skills
A: antennae 2, big wings, hooves 1, rugged brown scales 1, berserk 1, blurry
vision 1, clumsy 2, cold resistance 1, deformed body, deterioration 1, dopey 2,
fire resistance 1, frail 3, low mp 2, negative energy resistance 1, screaming 3,
shaggy fur 1, electricity resistance, inhibited regeneration, teleportitis 1,
weak 2, unbreathing, petrification resistance, no potion heal 1, rot immunity,
subdued magic 1, AC +20
}: 14/15 runes: decaying, slimy, silver, iron, obsidian, icy, bone, abyssal,
demonic, glowing, magical, fiery, dark, gossamer
a: Stop Flying, Divine Shield, Cleansing Flame, Summon Divine Warrior, Renounce
Religion, Evoke Invisibility


You were in Pandemonium.
You worshipped the Shining One.
The Shining One was exalted by your worship.
You visited 18 branches of the dungeon, and saw 88 of its levels.
You visited Pandemonium 3 times, and saw 44 of its levels.
You visited the Abyss 7 times.
You visited 1 ziggurat, and saw 1 of its levels.
You also visited: Ice Cave, Volcano and Desolation.

You collected 24940 gold pieces.
You spent 8184 gold pieces at shops.
You donated 6078 gold pieces to Zin.

Inventory:

Hand Weapons
 D - a +9 broad axe of holy wrath (weapon)
 W - the +6 triple sword "Vavei" {spect, +Blink rElec Int+4}
   (You found it on level 2 of the Depths)

   It retains the spirit of the tree from which it was made.
   In the hands of one skilled in evocations this spirit is drawn out to fight
   along side the wielder.
   It affects your intelligence (+4).
   It insulates you from electricity.
   It lets you blink.
Armour
 b - a +2 robe of the Archmagi
 p - the +8 orange crystal plate armour (worn) {Archmagi, Int+3 Clar}
   (You bought it in a shop on level 10 of the Dungeon)

   It affects your intelligence (+3).
   It protects you against confusion.
 s - the +8 tower shield "Kaovira" (worn) {rF+ rC+ rN++}
   (Okawaru gifted it to you on level 4 of the Vaults)

   It protects you from fire.
   It protects you from cold.
   It greatly protects you from negative energy.
 P - the +0 pair of boots of Imperfection (worn) {rC+ Int+5 Slay+5}
   (You bought it in a shop on level 7 of the Dungeon)

   It affects your intelligence (+5).
   It affects your accuracy and damage with ranged weapons and melee attacks
   (+5).
   It protects you from cold.
 U - the +3 pair of gauntlets of War (worn) {Slay+5}
   (You found it on level 4 of the Realm of Zot)

   It affects your accuracy and damage with ranged weapons and melee attacks
   (+5).
 X - a +0 cloak of magic resistance (worn)
Jewellery
 d - a cursed +4 ring of evasion {unknown}
 m - an uncursed ring of resist corrosion
 q - the ring "Cecaige" {Wiz rPois rF+ Stlth+}
   (You found it on level 7 of Tartarus)

   [ring of wizardry]

   It improves your spell success rate.
   It protects you from fire.
   It protects you from poison.
   It makes you more stealthy.
 t - the amulet of Autumn (around neck) {Reflect +Inv MR- Str+6 SH+5}
   (You took it off a deep elf elementalist on level 3 of the Elven Halls)

   [amulet of reflection]

   It shields you and reflects attacks.
   It affects your strength (+6).
   It affects your resistance to hostile enchantments.
   It lets you turn invisible.
   It affects your SH (+5).
 z - an uncursed ring of positive energy {unknown}
 A - a cursed amulet of inaccuracy {unknown}
 H - the cursed necklace of Bloodlust {*Rage +Rage MR++ Int-3 Slay+6 *Curse}
   (You found it on level 1 of the Depths)

   [amulet of nothing]

   It affects your intelligence (-3).
   It affects your accuracy and damage with ranged weapons and melee attacks
   (+6).
   It affects your resistance to hostile enchantments.
   It lets you go berserk.
   It may make you go berserk in combat.
   It curses itself when equipped.
   It has a curse placed upon it.
 K - the ring "Dizazav" (left hand) {rF+ rC+ MR+ MP+9}
   (You found it in the Desolation of Salt)

   [ring of protection from cold]

   It protects you from fire.
   It protects you from cold.
   It affects your resistance to hostile enchantments.
   It affects your magic capacity (+9).
 M - the ring of Otigis (right hand) {rElec rN+ MR++ MP+9 Str+4}
   (You found it on level 1 of the Depths)

   [ring of magical power]

   It affects your strength (+4).
   It insulates you from electricity.
   It protects you from negative energy.
   It affects your resistance to hostile enchantments.
   It affects your magic capacity (+9).
Wands
 h - a wand of polymorph (34)
 B - a wand of digging (33)
 C - a wand of acid (94)
 I - a wand of iceblast (157)
 V - a wand of enslavement (24)
Scrolls
 a - a scroll of summoning
 f - 13 scrolls of fog
 g - 7 scrolls of blinking
 j - 11 scrolls of enchant weapon
 u - 59 scrolls of remove curse
 v - 12 scrolls of amnesia
 E - 7 scrolls of holy word
 G - 5 scrolls of silence
 J - 31 scrolls of teleportation
 L - 12 scrolls of magic mapping
 N - 17 scrolls of fear
 S - 3 scrolls of brand weapon
 T - 37 scrolls of identify
 Y - 16 scrolls of enchant armour
Potions
 e - 7 potions of magic
 i - 8 potions of haste
 k - 37 potions of curing
 l - 11 potions of ambrosia
 o - 5 potions of resistance
 r - 7 potions of heal wounds
 w - 7 potions of cancellation
 x - 16 potions of lignification
 O - 11 potions of berserk rage
 Q - 12 potions of might
Books
 c - a manual of Polearms
 n - a manual of Summonings
 y - a manual of Maces & Flails


   Skills:
 O Level 27 Fighting
 - Level 6.9 Long Blades
 - Level 24.0(24.1) Axes
 - Level 5.5(18.4) Maces & Flails
 O Level 27 Armour
 - Level 22.3 Dodging
 O Level 27 Shields
 + Level 26.6 Spellcasting
 + Level 12.1 Conjurations
 + Level 21.7 Fire Magic
 O Level 27 Earth Magic
 O Level 27 Invocations


You had 61 spell levels left.
You knew the following spells:

 Your Spells              Type           Power        Failure   Level
a - Shatter               Erth           #######...   10%         9
b - Fire Storm            Conj/Fire      ######....   100%        9

Your spell library contained the following spells:

 Spells                   Type           Power        Failure   Level
 Foxfire                  Conj/Fire      ####         0%          1
 Sandblast                Erth           ######       0%          1
 Conjure Flame            Conj/Fire      ######..     0%          3
 Stone Arrow              Conj/Erth      ######       0%          3
 Lee's Rapid Deconstruct  Erth           #######...   0%          5
 Magic Dart               Conj           ####         1%          1
 Shock                    Conj/Air       ####         1%          1
 Passwall                 Tmut/Erth      ######..     1%          2
 Searing Ray              Conj           ######       1%          2
 Dazzling Flash           Conj/Hex       #####.       1%          3
 Ignite Poison            Fire/Tmut/Pois #####...     1%          3
 Inner Flame              Hex/Fire       ######..     1%          3
 Static Discharge         Conj/Air       #####...     1%          3
 Leda's Liquefaction      Hex/Erth       ######....   1%          4
 Petrify                  Tmut/Erth      ######..     1%          4
 Sticky Flame             Conj/Fire      ######..     1%          4
 Bolt of Magma            Conj/Fire/Erth ######....   1%          5
 Borgnjor's Vile Clutch   Necr/Erth      ######....   1%          5
 Fireball                 Conj/Fire      ######....   1%          5
 Iskenderun's Battlesphe  Conj           ######..     1%          5
 Iron Shot                Conj/Erth      ######....   1%          6
 Starburst                Conj/Fire      ######....   1%          6
 Mephitic Cloud           Conj/Pois/Air  ####....     3%          3
 Fulminant Prism          Conj/Hex       #####.....   4%          4
 Hailstorm                Conj/Ice       #####...     4%          4
 Iskenderun's Mystic Bla  Conj/Tloc      #####...     4%          4
 Ignition                 Fire           #######...   5%          8
 Animate Skeleton         Necr           ###...       6%          1
 Apportation              Tloc           ###...       6%          1
 Beastly Appendage        Tmut           ###...       6%          1
 Corona                   Hex            ###....      6%          1
 Freeze                   Ice            ###.         6%          1
 Pain                     Necr           ###.         6%          1
 Sting                    Tmut/Pois      ###.         6%          1
 Summon Small Mammal      Summ           ###.         6%          1
 Blink                    Tloc           N/A          10%         2
 Call Imp                 Summ           ###.....     10%         2
 Ensorcelled Hibernation  Hex/Ice        ###...       10%         2
 Poisonous Vapours        Pois/Air       ###...       10%         2
 Slow                     Hex            ###.....     10%         2
 Swiftness                Air            ###.....     10%         2
 Wereblood                Tmut           ###.....     10%         2
 Lehudib's Crystal Spear  Conj/Erth      ######....   13%         8
 Irradiate                Conj/Tmut      #####.....   14%         5
 Lightning Bolt           Conj/Air       #####.....   14%         5
 Call Canine Familiar     Summ           ###.....     19%         3
 Confusing Touch          Hex            ###.....     19%         3
 Frozen Ramparts          Ice            ###...       19%         3
 Gell's Gravitas          Tloc           ###.......   19%         3
 Lesser Beckoning         Tloc           ###.......   19%         3
 Ozocubu's Armour         Ice            ###.....     19%         3
 Portal Projectile        Hex/Tloc       ###...       19%         3
 Spider Form              Tmut/Pois      ###.......   19%         3
 Summon Guardian Golem    Hex/Summ       ###.....     19%         3
 Teleport Other           Tloc           ###.....     19%         3
 Tukima's Dance           Hex            ###.....     19%         3
 Vampiric Draining        Necr           ###.......   19%         3
 Orb of Destruction       Conj           ######....   36%         7
 Airstrike                Air            ###.......   54%         4
 Animate Dead             Necr           ###.......   54%         4
 Cause Fear               Hex            ###.......   54%         4
 Ice Form                 Ice/Tmut       ###.....     54%         4
 Olgreb's Toxic Radiance  Pois           ###.....     54%         4
 Passage of Golubria      Tloc           N/A          54%         4
 Summon Ice Beast         Ice/Summ       ###.....     54%         4
 Summon Lightning Spire   Summ/Air       ###.....     54%         4
 Agony                    Necr           ###.....     89%         5
 Alistair's Intoxication  Tmut/Pois      ###......    89%         5
 Blade Hands              Tmut           ###.......   89%         5
 Metabolic Englaciation   Hex/Ice        ###.......   89%         5
 Silence                  Hex/Air        ###.......   89%         5
 Summon Demon             Summ           ###.......   89%         5
 Summon Forest            Summ/Tloc      ###.......   89%         5
 Summon Mana Viper        Hex/Summ       ###.....     89%         5
 Yara's Violent Unravell  Hex/Tmut       ###.......   89%         5
 Freezing Cloud           Conj/Ice/Air   ####......   89%         6
 Spellforged Servitor     Conj/Summ      #####.....   99%         7
 Death Channel            Necr           ###.......   100%        6
 Eringya's Noxious Bog    Tmut/Pois      ###.......   100%        6
 Hydra Form               Tmut           ###.......   100%        6
 Invisibility             Hex            ###.....     100%        6
 Ozocubu's Refrigeration  Ice            ###.......   100%        6
 Shadow Creatures         Summ           N/A          100%        6
 Simulacrum               Ice/Necr       ###.......   100%        6
 Dragon Form              Tmut           ###.......   100%        7
 Malign Gateway           Summ/Tloc      ###.......   100%        7
 Monstrous Menagerie      Summ           ###.......   100%        7
 Summon Greater Demon     Summ           ###.......   100%        7
 Summon Hydra             Summ           ###.......   100%        7
 Chain Lightning          Conj/Air       #####.....   100%        8
 Discord                  Hex            ###.......   100%        8
 Summon Horrible Things   Summ           ###.......   100%        8
 Absolute Zero            Ice            ###.......   100%        9
 Dragon's Call            Summ           ###.......   100%        9
 Tornado                  Air            ###.......   100%        9
 Statue Form              Tmut/Erth      Unusable     N/A         6
 Sublimation of Blood     Necr           Unusable     N/A         2

Dungeon Overview and Level Annotations

Branches:
Dungeon (15/15)            Temple (1/1) D:5            Lair (6/6) D:9
  Swamp (4/4) Lair:4       Spider (4/4) Lair:4        Slime (5/5) Lair:6
    Orc (2/2) D:11            Elf (3/3) Orc:2        Vaults (5/5) D:14
  Crypt (3/3) Vaults:2       Tomb (1/3) Crypt:3      Depths (5/5) D:15
   Hell (visited)             Dis (7/7) Hell            Geh (7/7) Hell
    Coc (7/7) Hell            Tar (7/7) Hell            Zot (5/5) Depths:5
  IceCv (visited)         Volcano (visited)         Desolation (visited)

Altars:
Ashenzari
Cheibriados
Dithmenos
Elyvilon
Fedhas
Gozag
Hepliaklqana
Kikubaaqudgha
Makhleb
Nemelex Xobeh
Okawaru
Qazlal
Ru
Sif Muna
Trog
Uskayaw
Vehumet
Wu Jian
Xom
Yredelemnul
Zin
The Shining One
Beogh
Jiyva

Shops:
D:4 [*=:?   D:7 [*   D:10 *}?[(   Orc:2 (:}*=   Elf:1 (   Elf:2 *(([*
Vaults:3 **[?   Depths:1 =   Depths:4 ==}

Portals:
Hell: Lair:6 Depths:1 Depths:2 Depths:3 Depths:4 Depths:5
Abyss: Spider:4 Depths:3 Depths:4
Pandemonium: Depths:3
Trove: Elf:2 (give 13 scrolls of teleportation)

Annotations:
Spider:4 2 transporters, Ikly's ghost, journeyman GrFi
Depths:3 3 runed translucent doors


Innate Abilities, Weirdness & Mutations

You are resistant to torment.
Your stone body is resilient. (AC +20)
You are immune to poison.
Your large and strong wings let you fly indefinitely.
You resist negative energy. (rN+)
You are resistant to electric shocks. (rElec)
You can survive without breathing.
You are immune to petrification.
You are immune to rotting.
You have a pair of antennae on your head.
You have large cloven feet.
You are partially covered in rugged brown scales. (AC +1, +3% HP)
You tend to lose your temper in combat.
Scrolls take you a little longer to read.
You are very clumsy. (Dex -4)
Your flesh is cold resistant. (rC+)
Armour fits poorly on your strangely shaped body.
Your body sometimes deteriorates upon taking damage.
You are very dopey. (Int -4)
Your flesh is heat resistant. (rF+)
You are extremely frail. (-30% HP)
Your magical capacity is very low. (-20% MP)
You frequently scream uncontrollably at your foes.
You are covered in fur. (AC +1)
You do not regenerate when monsters are visible.
You are occasionally teleported next to monsters.
You are very weak. (Str -4)
Potions are less effective at restoring your health.
Your spells are a little easier to cast, but a little less powerful.


Message History

* * * LOW HITPOINT WARNING * * *
Unknown command.
Okay, then.
Unknown command.
The golden flame engulfs you but does no damage.
You resist.
The golden flame engulfs the fire vortex!!!
The fire vortex dissipates!
The golden flame engulfs the Hell Sentinel!!!
The Hell Sentinel writhes in agony!
The Hell Sentinel is severely wounded.
The golden flame engulfs the Hell Sentinel!!!
The Hell Sentinel writhes in agony!
The Hell Sentinel is heavily wounded.
You block the Hell Sentinel's attack. x2
Samnuraw sneers, "Embrace thy doom, thou erky two-tin-hat bladder!"
Samnuraw gestures at you.
A raging storm of fire appears!
The great blast of fire engulfs you!!! You partially resist.
You die...

##....#.# ... #......#
#..######## #..#.|.....
#..#.#.#.#.
####..#....... ########
#...°○#.#.#.#. .......#
#...○.#.6.&...
.......####....○@1#.#.#.
............).°1#.○.....
................#○#.#.#.
##.###..........#.......
##.# #..........#.#.#.#.
##.# ##...#.....#.......
##.##...........########
##.##.........###
##.##.........#


You could see Samnuraw, 2 Hell Sentinels and a gelid demonspawn (icemail).

Vanquished Creatures
  Asmodeus (Geh:7)
  the Royal Jelly (Slime:5)
  Gloorx Vloq (Pan)
  Ereshkigal (Tar:7)
  Ignacio (Pan)
  25 pandemonium lords (Pan)
  Mnoleg (Pan)
  Dispater (Dis:7)
  Mara (Spider:4)
  6 ancient liches
  10 orbs of fire
  2 juggernauts
  The ghost of Hutoaxke the Slayer, a veteran CeHu of Okawaru (Zot:2)
  Mennas (Pan)
  Sojobo (Vaults:4)
  A greater mummy (Tomb:1)
  Frederick (Vaults:4)
  the Lernaean hydra (Swamp:4)
  3 Killer Klowns (Zot:5)
  Bai Suzhen (Vaults:2)
  8 shard shrikes (Coc:7)
  13 golden dragons
  8 caustic shrikes
  Geryon (Hell)
  Jory (Vaults:4)
  Arachne (Spider:2)
  8 bone dragons
  42 Tzitzimimeh
  A profane servitor (Abyss:5)
  26 Brimstone Fiends
  5 electric golems
  2 doom hounds
  8 iron giants (Dis:7)
  34 Ice Fiends
  A hellephant (Pan)
  34 Hell Sentinels
  15 tentacled monstrosities
  2 shard shrike zombies
  Jorgrun (D:14)
  16 liches
  25 Orb Guardians (Zot:5)
  Asterion (Vaults:4)
  11 quicksilver dragons
  10 deep elf blademasters
  19 acid blobs
  14 titans
  13 sphinxes
  10 deep elf master archers
  11 death cobs
  66 Executioners
  A thorn hunter (Swamp:4)
  20 tentacled starspawn
  16 tengu reavers
  Gastronok (Orc:1)
  18 ancient champions
  13 storm dragons
  8 draconian monks
  19 fire giants
  11 azure jellies
  The ghost of Ahimyadi the Severer, a journeyman NaWn of Gozag (Elf:1)
  Donald (Spider:2)
  26 shadow dragons
  26 warmongers (Pan)
  Roxanne (Swamp:1)
  5 revenants
  26 frost giants
  Louise (Swamp:1)
  10 ghost moths
  4 draconian knights
  5 deep elf sorcerers
  51 cacodemons
  44 balrugs
  8 emperor scorpions
  9 iron dragons
  5 imperial myrmidons (Desolation)
  5 draconian shifters
  2 orc warlords
  8 ghouls
  The ghost of Gaoraaj the Geomancer, a journeyman OpEE of Gozag (Orc:1)
  4 curse skulls
  A draconian scorcher (Zot:5)
  12 ironheart preservers
  A juggernaut skeleton (Depths:1)
  21 vault wardens
  8 deep elf elementalists
  87 reapers
  3 spriggan defenders
  20 war gargoyles
  4 elemental wellsprings
  2 draconian stormcallers
  6 draconian annihilators
  33 very ugly things
  33 stone giants
  8 deep elf demonologists
  13 green draconians
  The ghost of robertstho the Severer, a journeyman MiBe of Trog (Lair:5)
  25 blood saints (Pan)
  2 bennus (Tomb:1)
  11 black draconians
  5 bunyips
  8 entropy weavers
  24 vampire knights
  24 lorocyprocas
  A dire elephant (Zot:5)
  8 yellow draconians
  11 spark wasps
  13 red draconians
  9 deep elf annihilators
  13 white draconians
  31 corrupters (Pan)
  22 black suns (Pan)
  17 ettins
  14 purple draconians
  3 eleionomae
  41 green deaths
  61 blizzard demons
  5 crystal guardians
  9 eidola
  9 jiangshi
  3 death oozes (Slime:5)
  7 quicksilver dragon zombies
  Snorg (D:12)
  4 mummy priests (Tomb:1)
  21 yaktaur captains
  17 fire dragons
  7 deep elf death magi
  29 ice dragons
  3 ragged hierophants
  2 great orbs of eyes (shapeshifter) (Vaults:5)
  14 great orbs of eyes
  12 rakshasas
  33 monstrous demonspawn
  7 deep elf high priests
  8 servants of whispers (Desolation)
  3 spriggan air magi
  3 quicksilver dragon skeletons
  6 ghost crabs
  11 hell beasts
  36 vault guards
  7 peacekeepers (Desolation)
  A naga warrior (Abyss:3)
  A catoblepas (D:14)
  8 boulder beetles
  25 hydras
  Erica (D:9)
  6 centaur warriors
  5 death knights
  12 ogre magi
  6 tengu warriors
  29 dancing weapons
  28 death scarabs (Tomb:1)
  43 two-headed ogres
  3 death yaks (Lair:5)
  9 alligators
  8 deep troll earth magi
  9 deep troll shamans
  18 hell hogs
  15 thrashing horrors
  8 spriggan berserkers
  22 vampire magi
  3 orc high priests (Orc:2)
  Urug (Orc:1)
  8 goliath frogs
  A goliath frog (shapeshifter) (Depths:4)
  A shock serpent (shapeshifter) (Vaults:4)
  10 titan zombies
  119 soul eaters
  44 hell knights
  5 iron golems
  10 iron trolls
  4 titan skeletons
  149 sun demons
  14 wretched stars
  28 deep elf knights
  7 storm dragon zombies
  6 spatial maelstroms
  3 storm dragon skeletons
  A salamander mystic (Volcano)
  137 skeletal warriors
  4 ghost moth zombies
  26 shadow wraiths
  57 sixfirhies
  36 torturous demonspawn (Pan)
  5 golden dragon zombies
  6 anaconda zombies
  31 gelid demonspawn (Pan)
  5 spriggan druids
  3 death drakes
  14 flayed ghosts
  10 unseen horrors
  A swamp dragon (shapeshifter) (Vaults:4)
  9 wizards
  64 shadow demons
  12 glowing orange brains
  A kraken simulacrum (Hell)
  26 deep elf archers
  2 obsidian statues
  18 bog bodies
  10 harpies
  32 infernal demonspawn (Pan)
  19 ironbrand convokers
  An orange crystal statue (Depths:2)
  26 deep trolls
  37 phantasmal warriors
  A tengu zombie (Vaults:2)
  19 necromancers
  17 orc knights
  A lindwurm (Lair:4)
  9 wolf spider zombies
  5 shadow dragon zombies
  A harpy (shapeshifter) (Vaults:4)
  4 golden dragon skeletons
  11 swamp dragons
  3 anaconda skeletons
  An iron dragon zombie (Dis:1)
  7 orc sorcerers
  59 deep elf magi
  8 frost giant zombies
  A lindwurm (shapeshifter) (Vaults:5)
  10 shining eyes
  39 wolf spiders
  11 shadow dragon skeletons
  A tengu skeleton (Depths:3)
  2 manticores (D:15)
  41 ugly things
  3 cyclopes
  8 salamanders
  A salamander (shapeshifter) (Abyss:2)
  26 orb spiders
  8 fire giant zombies
  8 stone giant zombies
  2 shock serpent zombies (Dis:7)
  5 worldbinders
  38 moths of wrath
  4 will-o-the-wisps
  4 apocalypse crabs
  3 stone giant skeletons
  3 titan simulacra (Coc:7)
  Maurice (Orc:2)
  10 black mambas
  7 frost giant skeletons
  8 eyes of devastation
  6 fire giant skeletons
  39 rust devils
  19 elephants
  An eye of devastation (shapeshifter) (Depths:1)
  An ice statue (IceCv)
  5 guardian serpents
  18 vault sentinels
  6 dire elephant zombies
  4 iron dragon skeletons
  9 centaur skeletons
  Joseph (D:8)
  12 cane toads
  70 orange demons
  A yaktaur zombie (Vaults:4)
  164 smoke demons
  A dire elephant skeleton (Tar:7)
  9 molten gargoyles
  A white draconian zombie (Crypt:3)
  A shock serpent skeleton (Geh:2)
  A storm dragon simulacrum (Crypt:3)
  A catoblepas zombie (Tar:7)
  64 hellions
  3 emperor scorpion zombies
  10 rime drakes
  2 kobold demonologists (D:14)
  3 torpor snails
  A minotaur zombie (Dis:3)
  A komodo dragon (shapeshifter) (Vaults:1)
  6 swamp worm zombies (Crypt:2)
  65 demonic crawlers
  69 tormentors
  8 efreet
  17 komodo dragons
  A minotaur skeleton (Crypt:3)
  27 freezing wraiths
  44 yaktaurs
  3 silent spectres
  4 anaconda simulacra
  2 elf skeletons
  A yellow draconian zombie (Crypt:3)
  41 ice devils
  50 hellwings
  68 red devils
  13 guardian mummies
  2 tengu conjurers
  A catoblepas skeleton (Crypt:3)
  19 polar bears
  14 ancient zymes
  9 hydra zombies
  A troll (shapeshifter) (Vaults:2)
  2 harpy zombies
  38 jumping spiders
  11 trolls
  7 meliai
  A queen bee (Lair:2)
  A queen bee (shapeshifter) (D:15)
  5 tyrant leeches
  72 slime creatures
  2 wind drakes (shapeshifter)
  9 ettin zombies
  48 saltlings
  A tengu simulacrum (Vaults:4)
  26 hornets
  9 hydra skeletons
  3 harpy skeletons
  A death drake skeleton (Crypt:3)
  19 blink frogs
  7 ice dragon zombies
  25 dream sheep
  7 alligator zombies
  21 raiju
  A meliai zombie (D:11)
  7 fire dragon zombies
  132 flying skulls
  4 alligator skeletons
  151 large abominations
  A boulder beetle zombie (Crypt:2)
  50 redbacks
  A redback (shapeshifter) (Vaults:5)
  3 air elementals
  7 ettin skeletons
  18 shadows
  64 small abominations
  34 tarantellas
  A tarantella (shapeshifter) (Depths:4)
  45 wraiths
  4 fire dragon skeletons
  19 spriggans
  62 starcursed masses
  A black mamba zombie (Geh:7)
  A dire elephant simulacrum (Coc:7)
  110 ynoxinuls
  2 ice dragon skeletons (Coc:7)
  An ushabti (Tomb:1)
  10 wyverns
  64 yaks
  11 basilisks
  4 fire bats
  33 fire elementals
  8 water elementals
  2 humans (shapeshifter) (Vaults:4)
  30 golden eyes
  A steam dragon (Lair:2)
  2 hogs (shapeshifter)
  60 neqoxecs
  2 black mamba skeletons
  102 chaos spawn
  2 yaktaur simulacra
  2 vampire mosquitoes (Swamp:1)
  5 spatial vortices
  4 human zombies
  16 swamp worms
  A deep troll zombie (Vaults:4)
  4 hydra simulacra (Coc:7)
  An infernal demonspawn zombie (Geh:5)
  An acid dragon (shapeshifter) (Abyss:1)
  3 acid dragons
  A naga (Abyss:3)
  11 wargs
  7 cane toad zombies
  93 hell hounds
  18 water moccasins
  A floating eye (Pan)
  A merfolk skeleton (Coc:7)
  7 swamp drakes
  2 sky beasts
  9 ice beasts
  2 hornet zombies
  2 swamp dragon zombies
  18 necrophages
  39 orc warriors
  2 cane toad skeletons (Coc:1)
  9 phantoms
  A black bear (shapeshifter) (Vaults:3)
  3 black bears
  12 eyes of draining
  3 snapping turtle zombies
  6 centaurs
  53 wolves
  3 manticore zombies
  10 boggarts
  A dream sheep skeleton (Crypt:2)
  A manticore skeleton (Geh:5)
  44 ogres
  2 orc skeletons
  5 snapping turtle skeletons
  An elf simulacrum (Depths:3)
  2 swamp dragon skeletons
  8 big kobolds
  A bullfrog (shapeshifter) (Depths:3)
  3 earth elementals
  14 bullfrogs
  3 gnoll sergeants (D:11)
  A wyvern zombie (D:10)
  A wyvern skeleton (D:14)
  A water moccasin skeleton (D:9)
  A cane toad simulacrum (Hell)
  3 spriggan zombies
  6 scorpions
  A troll zombie (Dis:1)
  23 killer bees (Lair:2)
  An orc simulacrum (Vaults:1)
  87 wights
  3 electric eels
  A howler monkey (D:5)
  A spriggan skeleton (Geh:5)
  14 crimson imps
  A human simulacrum (Vaults:2)
  A bullfrog zombie (D:7)
  17 quasits
  5 jellies
  8 hounds
  Crazy Yiuf (D:4)
  7 bullfrog skeletons
  11 centaur zombies
  20 orc priests
  40 iron imps
  24 orc wizards
  A gnoll shaman (D:5)
  3 iguanas
  A human skeleton (Tar:2)
  12 worker ants
  15 hell rats
  A killer bee zombie (D:9)
  A demigod zombie (Crypt:2)
  A sky beast zombie (Crypt:1)
  An ogre skeleton (Tar:2)
  2 hound zombies (D:11)
  3 hound skeletons
  44 mummies
  A worker ant zombie (D:11)
  A howler monkey zombie (Crypt:2)
  16 gnolls
  8 adders
  2 howler monkey skeletons (D:11)
  12 river rats
  13 shadow imps
  A steam dragon skeleton (Crypt:3)
  28 white imps
  13 ufetubi
  An ooze (D:6)
  2 adder skeletons
  An adder zombie (D:7)
  4 worms
  2 ball lightnings (Pan)
  4 dart slugs
  8 leopard geckos
  102 orcs
  3 bat zombies (D:6)
  12 giant cockroaches
  8 goblins
  5 hobgoblins
  5 jackals
  27 kobolds
  9 quokkas
  2 ball pythons
  A ball python zombie (Crypt:1)
  6 bats
  9 frilled lizards
  A gnoll skeleton (Crypt:2)
  2 jackal skeletons
  A kobold zombie (Tar:7)
  An orc zombie (Crypt:3)
  3 quokka skeletons
  15 rats
  2 rat zombies
  5 fire vortices (Pan)
  3 lurking horrors
  12 starspawn tentacles
  A tentacle (Hell)
6759 creatures vanquished.

Vanquished Creatures (collateral kills)
  Cerebov (Pan)
  Antaeus (Coc:7)
  the Serpent of Hell (Coc:7)
  Lom Lobon (Pan)
  3 pandemonium lords (Pan)
  A Tzitzimitl (Tar:7)
  4 Brimstone Fiends
  A tentacled monstrosity (Pan)
  A Hell Sentinel (Dis:7)
  4 Ice Fiends
  2 acid blobs (Slime:5)
  3 Executioners (Pan)
  2 fire giants (Geh:7)
  4 azure jellies (Slime:5)
  5 balrugs
  2 cacodemons (Pan)
  5 reapers
  3 very ugly things (Pan)
  2 lorocyprocas (Pan)
  A black sun (Pan)
  3 blizzard demons
  A death ooze (Slime:5)
  A great orb of eyes (Pan)
  2 ice dragons (Coc:7)
  A monstrous demonspawn (Pan)
  2 hell hogs (Geh:6)
  9 soul eaters (Pan)
  A wretched star (Abyss:3)
  An iron troll (Dis:7)
  8 sixfirhies (Pan)
  7 sun demons
  3 infernal demonspawn (Pan)
  A storm dragon skeleton (Geh:6)
  A flayed ghost (Tar:7)
  2 hell knights (Geh:7)
  2 torturous demonspawn (Pan)
  An anaconda zombie (Coc:7)
  A shadow demon (Tar:7)
  A gelid demonspawn (Pan)
  11 large abominations
  A shadow dragon skeleton (Tar:7)
  A shining eye (Slime:5)
  An anaconda skeleton (Coc:7)
  2 frost giant zombies (Dis:5)
  10 smoke demons (Pan)
  A rust devil (Pan)
  A shock serpent skeleton (Geh:6)
  An eye of devastation (Pan)
  7 hellions
  A dire elephant skeleton (Tar:7)
  5 orange demons (Pan)
  4 tormentors
  2 demonic crawlers (Pan)
  2 hellwings (Pan)
  An ice devil (Dis:5)
  2 freezing wraiths
  6 red devils
  A harpy zombie (Geh:7)
  A hydra zombie (Coc:7)
  An ice dragon zombie (Geh:7)
  A hydra skeleton (Coc:7)
  A fire dragon zombie (Dis:5)
  4 flying skulls
  An ice dragon skeleton (Tar:7)
  2 ynoxinuls (Pan)
  2 neqoxecs (Pan)
  3 chaos spawn (Pan)
  A hydra simulacrum (Coc:7)
  A cane toad zombie (Coc:7)
  2 hell hounds
  A floating eye (Pan)
  2 small abominations (Abyss:3)
  A snapping turtle zombie (Geh:7)
  3 wights (Dis:5)
  A troll skeleton (Geh:7)
  A crimson imp (Geh:7)
  A human zombie (Dis:5)
  An iron imp (Dis:5)
  A shadow imp (Tar:7)
  A fire vortex (Pan)
188 creatures vanquished.

Vanquished Creatures (others)
  An ancient champion (Vaults:4)
  A tengu reaver (Depths:4)
  2 pandemonium lords (Pan)
  A fire giant (D:15)
  A balrug (Geh:5)
  A draconian annihilator (Zot:3)
  2 reapers
  3 ironheart preservers
  2 elemental wellsprings (Coc:7)
  A blood saint (Pan)
  A corrupter (Pan)
  An ogre mage (Depths:4)
  A dancing weapon (Elf:3)
  3 hell hogs
  A sun demon (Pan)
  2 large abominations (Abyss:3)
  A sixfirhy (Pan)
  A phantasmal warrior (Geh:5)
  A swamp dragon (Swamp:3)
  A deep elf archer (Elf:1)
  A shadow demon (Tar:7)
  A necromancer (Geh:7)
  6 deep elf magi
  An ugly thing (Vaults:4)
  An orb spider (Spider:4)
  An iron dragon skeleton (Geh:7)
  2 smoke demons
  A hellion (Pan)
  A molten gargoyle (Geh:5)
  A tormentor (Dis:3)
  A centaur skeleton (D:14)
  A spriggan skeleton (Depths:3)
  A red devil (Pan)
  A bloated husk (Swamp:3)
  2 tyrant leeches (Swamp:3)
  2 redbacks
  3 flying skulls (Geh:5)
  A black mamba zombie (Geh:6)
  A ynoxinul (Pan)
  A wraith (Geh:4)
  A fire elemental (Geh:5)
  2 fire bats
  2 chaos spawn (Pan)
  2 swamp worms (Swamp:3)
  A hell hound (Geh:1)
  An orc warrior (Orc:2)
  3 boggarts
  An ogre (Vaults:1)
  A merfolk simulacrum (Abyss:5)
  2 killer bees (Lair:2)
  2 wights (Geh:5)
  An electric eel (Lair:4)
  2 quasits
  An orc wizard (Vaults:1)
  2 ball lightnings (Pan)
  2 briar patches (Swamp:4)
  9 bushes
  11 demonic plants
  A fire vortex (Pan)
  20 foxfires
  37 fungi
  4 lurking horrors
  65 plants
  35 starspawn tentacles
  3 tentacles (Hell)
  A withered plant (D:14)
270 creatures vanquished.

Grand Total: 7217 creatures vanquished

Notes
Turn   | Place    | Note
-------+----------+-------------------------------------------
     0 | D:1      | mattiecakes the Gargoyle Fighter began the quest for the
                  | Orb.
     0 | D:1      | Reached XP level 1. HP: 14/14 MP: 1/1
    82 | D:1      | Reached XP level 2. HP: 19/19 MP: 2/2
   362 | D:1      | Reached XP level 3. HP: 22/23 MP: 3/3
  1606 | D:2      | Reached skill level 1 in Dodging
  1608 | D:2      | Reached XP level 4. HP: 23/29 MP: 4/4
  2151 | D:3      | Reached XP level 5. HP: 33/33 MP: 5/5
  2701 | D:4      | Found Qaudiaxt's Antique Armour Shop.
  2778 | D:4      | Found Roqaheig's General Store.
  2800 | D:4      | Found Heurugua's Jewellery Emporium.
  2902 | D:4      | Found a shadowy altar of Dithmenos.
  2903 | D:4      | Found a hide-covered altar of Uskayaw.
  2976 | D:4      | Found Romoovul's Book Shoppe.
  3085 | D:4      | Found Hyfrow's Magic Scroll Shoppe.
  3088 | D:4      | Reached XP level 6. HP: 35/39 MP: 6/6
  3207 | D:4      | Found a shimmering altar of Xom.
  3213 | D:4      | Found a stormy altar of Qazlal.
  3280 | D:4      | Found a glowing silver altar of Zin.
  3329 | D:4      | Found a runed translucent door.
  3330 | D:4      | Noticed Crazy Yiuf
  3342 | D:4      | Killed Crazy Yiuf
  3407 | D:5      | Entered Level 5 of the Dungeon
  3521 | D:5      | Reached XP level 7. HP: 44/44 MP: 7/7
  3666 | D:5      | You fall into a shaft and drop 2 floors!
  3673 | D:7      | Reached skill level 5 in Fighting
  3673 | D:7      | Reached skill level 5 in Shields
  3739 | D:6      | Reached skill level 5 in Armour
  3960 | D:5      | Found a staircase to the Ecumenical Temple.
  4122 | D:5      | Reached XP level 8. HP: 50/50 MP: 8/8
  4154 | Temple   | Entered the Ecumenical Temple
  4305 | Temple   | Became a worshipper of Warmaster Okawaru
  4637 | D:6      | Found Yreaz's Gadget Shoppe.
  4972 | D:6      | Found an ancient bone altar of Kikubaaqudgha.
  5259 | D:6      | Reached * piety under Okawaru
  5608 | D:6      | Killed an unseen horror
  5608 | D:6      | Reached skill level 5 in Axes
  5608 | D:6      | Reached XP level 9. HP: 53/56 MP: 9/9
  5666 | D:7      | Reached ** piety under Okawaru
  5822 | D:7      | Found Jipask's Assorted Antiques.
  5897 | D:7      | Noticed a komodo dragon
  5914 | D:7      | Killed a komodo dragon
  5936 | D:7      | Found Qeec's Antique Armour Boutique.
  6248 | D:7      | Reached *** piety under Okawaru
  6267 | D:7      | Found a shimmering blue altar of Sif Muna.
  6446 | D:8      | Reached XP level 10. HP: 63/63 MP: 10/10
  6520 | D:8      | Noticed Joseph
  6539 | D:8      | Killed Joseph
  6539 | D:8      | Reached skill level 5 in Dodging
  6553 | D:8      | Found a glowing golden altar of the Shining One.
  7042 | D:8      | Found a snail-covered altar of Cheibriados.
  7334 | D:9      | Reached skill level 1 in Invocations
  7409 | D:9      | Reached **** piety under Okawaru
  7425 | D:9      | Noticed Erica
  7446 | D:9      | Killed Erica
  7549 | D:9      | Found a staircase to the Lair.
  7884 | D:10     | Entered Level 10 of the Dungeon
  7936 | D:10     | Found Ytacur's Antique Weapon Boutique.
  7994 | D:10     | Found Kijaputat's Antique Armour Boutique.
  8055 | D:10     | Found Matopeiheu's Magic Scroll Emporium.
  8063 | D:10     | Found Gabeaxt's General Store.
  8064 | D:10     | Found Gevaung's Gadget Emporium.
  8081 | D:10     | Reached ***** piety under Okawaru
  8401 | D:11     | Killed an unseen horror
  8401 | D:11     | Reached XP level 11. HP: 68/69 MP: 13/13
  8530 | D:11     | Noticed a necromancer
  8596 | D:11     | Killed a necromancer
  8846 | D:11     | Received a gift from Okawaru
  9096 | D:11     | Found a staircase to the Orcish Mines.
  9182 | D:11     | Reached ****** piety under Okawaru
  9203 | D:11     | Received a gift from Okawaru
  9455 | D:11     | Reached skill level 5 in Invocations
  9516 | D:11     | Got a shimmering spear
  9917 | D:11     | Reached XP level 12. HP: 76/76 MP: 14/16
 10388 | D:12     | Received a gift from Okawaru
 10391 | D:12     | Got a glimmering hand axe {god gift}
 10392 | D:12     | Identified the +7 hand axe "Qekaf" {protect, rF- MR+ SInv}
                  | (Okawaru gifted it to you on level 12 of the Dungeon)
 10393 | D:12     | Identified the +10 spear "Jappar" {holy, Stlth+} (You found
                  | it on level 11 of the Dungeon)
 10546 | D:12     | Noticed a two-headed ogre
 10557 | D:12     | Killed a two-headed ogre
 10608 | D:12     | Reached skill level 10 in Shields
 10618 | D:12     | Reached skill level 10 in Fighting
 10635 | D:12     | Reached skill level 10 in Armour
 11014 | D:13     | Noticed Snorg
 11014 | D:13     | Noticed a six-headed hydra
 11040 | D:12     | Killed Snorg
 11040 | D:12     | Received a gift from Okawaru
 11043 | D:12     | Got a jewelled chain mail {god gift}
 11056 | D:12     | Identified the +4 chain mail of Luym {rN++ rCorr Dex-2}
                  | (Okawaru gifted it to you on level 12 of the Dungeon)
 11186 | Lair:1   | Entered Level 1 of the Lair of Beasts
 12144 | Lair:2   | Reached XP level 13. HP: 83/83 MP: 18/18
 12995 | Lair:3   | Received a gift from Okawaru
 13338 | Lair:3   | Received a gift from Okawaru
 14091 | Lair:4   | Gained mutation: Your large and strong wings let you fly
                  | indefinitely. [Gargoyle growth]
 14091 | Lair:4   | Reached XP level 14. HP: 86/91 MP: 19/19
 14161 | Lair:4   | Found a staircase to the Swamp.
 14691 | Lair:4   | Reached skill level 10 in Axes
 14705 | Lair:4   | Received a gift from Okawaru
 14722 | Lair:4   | Found a hole to the Spider Nest.
 15184 | Lair:5   | Got a polished fustibalus
 15523 | Lair:4   | Received a gift from Okawaru
 15530 | Lair:4   | Got a translucent chain mail {god gift}
 15531 | Lair:4   | Identified the +5 chain mail of Theory {MR- Dex+7} (Okawaru
                  | gifted it to you on level 4 of the Lair of Beasts)
 15590 | Lair:4   | Identified the +9 fustibalus of the Warrior-Mage {speed,
                  | rF+ rN+} (You found it on level 5 of the Lair of Beasts)
 15706 | Lair:5   | Found a dark tunnel.
 15711 | Volcano  | Entered a volcano
 16031 | Lair:5   | Found a runed translucent door.
 16032 | Lair:5   | Found a shimmering altar of Xom.
 16032 | Lair:5   | Noticed robertstho's ghost (journeyman MiBe)
 16033 | Lair:5   | Found the +7 sceptre of Torment {pain, torment}
 16251 | Lair:5   | Killed robertstho's ghost
 16321 | Lair:6   | Entered Level 6 of the Lair of Beasts
 16397 | Lair:6   | Reached XP level 15. HP: 97/97 MP: 20/20
 16459 | Lair:6   | Reached skill level 1 in Maces & Flails
 16600 | Lair:6   | Received a gift from Okawaru
 16649 | Lair:6   | Found a viscous altar of Jiyva.
 16649 | Lair:6   | Found a staircase to the Slime Pits.
 16661 | Lair:6   | Reached skill level 5 in Maces & Flails
 17195 | Lair:6   | Found a burning altar of Makhleb.
 17814 | Lair:6   | Received a gift from Okawaru
 17827 | Lair:6   | Found a gateway to Hell.
 18331 | D:13     | Reached skill level 10 in Dodging
 18498 | D:7      | Bought a pair of brightly glowing boots for 228 gold pieces
 18503 | D:7      | Identified the +0 pair of boots of Imperfection {rC+ Int+5
                  | Slay+5} (You bought it in a shop on level 7 of the Dungeon)
 18580 | D:10     | Bought an ancient plate armour for 896 gold pieces
 18580 | D:10     | Identified the +16 plate armour "Yneepig" {*Corrode rPois
                  | Slay+2 SInv} (You bought it in a shop on level 10 of the
                  | Dungeon)
 18696 | D:4      | Bought an ichor-stained plate armour for 672 gold pieces
 18696 | D:4      | Identified the cursed +0 plate armour "Elioppos" {Int+3}
                  | (You bought it in a shop on level 4 of the Dungeon)
 19262 | D:14     | Received a gift from Okawaru
 19317 | D:14     | Noticed Jorgrun
 19635 | D:14     | Killed Jorgrun
 19635 | D:14     | Reached XP level 16. HP: 104/104 MP: 21/21
 20066 | D:14     | Received a gift from Okawaru
 20084 | D:14     | Gained mutation: You can translocate small distances at
                  | will. [a neqoxec]
 20085 | D:14     | Gained mutation: You are weak. (Str -2) [a neqoxec]
 20157 | D:14     | Found a gate to the Vaults.
 20463 | Lair:6   | Got a dazzling executioner's axe {god gift}
 20464 | Lair:6   | Identified the +2 executioner's axe of Offence {elec,
                  | *Drain rC+ Int+5} (Okawaru gifted it to you on level 6 of
                  | the Lair of Beasts)
 20788 | D:15     | Entered Level 15 of the Dungeon
 20788 | D:15     | Found a runed translucent door.
 21238 | D:15     | Found a staircase to the Depths.
 21745 | Orc:1    | Entered Level 1 of the Orcish Mines
 21745 | Orc:1    | Noticed Urug
 21760 | Orc:1    | Noticed Gastronok
 21771 | Orc:1    | Killed Urug
 21787 | Orc:1    | Killed Gastronok
 21823 | Orc:1    | Found a runed translucent gate.
 21823 | Orc:1    | Found a runed translucent gate.
 21823 | Orc:1    | Found a runed translucent gate.
 21838 | Orc:1    | Found an opulent altar of Gozag.
 21839 | Orc:1    | Noticed Gaoraaj's ghost (journeyman OpEE)
 21971 | Orc:1    | Found a roughly hewn altar of Beogh.
 22158 | Orc:2    | Entered Level 2 of the Orcish Mines
 22165 | Orc:2    | Noticed Maurice
 22172 | Orc:2    | Found a frozen archway.
 22195 | Orc:2    | Killed Maurice
 22206 | IceCv    | Entered an ice cave
 22846 | Orc:2    | Received a gift from Okawaru
 22927 | Orc:2    | Reached XP level 17. HP: 111/111 MP: 22/22
 23001 | Orc:2    | Found a staircase to the Elven Halls.
 23005 | Orc:2    | Found Tuvihaqa's Jewellery Emporium.
 23283 | Orc:2    | Found Wopis's Antique Weapon Emporium.
 23283 | Orc:2    | Found Bockau's General Store.
 23287 | Orc:2    | Found Avvukoor's Book Emporium.
 23287 | Orc:2    | Found Achuapt's Gadget Shop.
 23308 | Orc:2    | Bought a scroll of enchant weapon for 105 gold pieces
 23491 | D:4      | Bought a scroll of enchant armour for 90 gold pieces
 23676 | Swamp:1  | Entered Level 1 of the Swamp
 23676 | Swamp:1  | Noticed Roxanne
 23808 | Swamp:1  | Noticed Louise
 23933 | Swamp:1  | Killed Roxanne
 24052 | Swamp:1  | Cast into level 2 of the Abyss (Louise)
 24438 | Abyss:2  | Received a gift from Okawaru
 24900 | Abyss:2  | Received a gift from Okawaru
 25008 | Swamp:1  | Escaped the Abyss
 25028 | Swamp:1  | Killed Louise
 25452 | Swamp:2  | Received a gift from Okawaru
 25585 | Swamp:2  | Reached skill level 15 in Shields
 25742 | Swamp:2  | Reached skill level 15 in Fighting
 26129 | Swamp:3  | Reached skill level 15 in Armour
 26241 | Swamp:3  | Reached XP level 18. HP: 119/119 MP: 23/23
 26279 | Swamp:3  | Got a brightly glowing helmet
 26280 | Swamp:3  | Identified the +0 helmet "Sutagud" {rF+} (You found it on
                  | level 3 of the Swamp)
 26660 | Swamp:3  | Got a bone demon trident
 26661 | Swamp:3  | Identified the +11 demon trident "Jucixtas" {elec, Dex+2}
                  | (You found it on level 3 of the Swamp)
 26673 | Swamp:4  | Entered Level 4 of the Swamp
 27072 | Swamp:4  | Received a gift from Okawaru
 27111 | Swamp:4  | Noticed the 27-headed Lernaean hydra
 27286 | Swamp:4  | Killed the 27-headed Lernaean hydra
 27507 | Swamp:4  | Got a decaying rune of Zot
 27829 | Spider:1 | Entered Level 1 of the Spider Nest
 29276 | Spider:2 | Identified a scroll of acquirement
 29276 | Spider:2 | Acquired a manual of Polearms
 29374 | Spider:2 | Received a gift from Okawaru
 29397 | Spider:2 | Reached XP level 19. HP: 117/125 MP: 24/24
 30823 | Spider:3 | Noticed Donald
 30825 | Spider:3 | Noticed Arachne
 31118 | Spider:2 | Killed Arachne
 31141 | Spider:2 | Killed Donald
 31394 | Orc:1    | Killed Gaoraaj's ghost
 32214 | Spider:4 | Entered Level 4 of the Spider Nest
 32217 | Spider:4 | Noticed Mara
 32227 | Spider:4 | Received a gift from Okawaru
 32245 | Spider:4 | Noticed mattiecakes's illusion
 32280 | Spider:4 | Noticed mattiecakes's illusion
 32526 | Spider:4 | Noticed mattiecakes's illusion
 32538 | Spider:4 | Killed Mara
 32557 | Spider:4 | Found a transporter.
 32687 | Spider:4 | Noticed Ikly's ghost (journeyman GrFi)
 32711 | Spider:4 | Received a gift from Okawaru
 32868 | Spider:4 | Reached XP level 20. HP: 132/132 MP: 0/25
 33285 | Spider:4 | Received a gift from Okawaru
 33605 | Spider:4 | Identified the amulet of Lyviafac {Spirit Stlth+}
 33626 | Spider:4 | Found a transporter.
 33626 | Spider:4 | Found a one-way gate to the infinite horrors of the Abyss.
 33710 | Spider:4 | Got a gossamer rune of Zot
 34174 | Vaults:1 | Entered Level 1 of the Vaults
 34523 | Vaults:1 | Identified the +4 scale mail of the Skies Above {Rampage
                  | rElec rCorr}
 35359 | Vaults:2 | Received a gift from Okawaru
 35397 | Vaults:2 | Found a ruined gateway.
 35406 | Desolati | Entered the Desolation of Salt
 35880 | Desolati | Got a fine amethyst amulet
 35883 | Desolati | Got a faintly glowing amber ring
 35887 | Desolati | Identified the amulet of Propriety {Spirit rN+} (You found
                  | it in the Desolation of Salt)
 35888 | Desolati | Identified the ring "Dizazav" {rF+ rC+ MR+ MP+9} (You found
                  | it in the Desolation of Salt)
 35944 | Desolati | Reached XP level 21. HP: 140/140 MP: 26/26
 35954 | Desolati | Reached skill level 15 in Axes
 36048 | Desolati | Received a gift from Okawaru
 36051 | Desolati | Got a pair of glimmering gloves {god gift}
 36052 | Desolati | Identified the +0 pair of gloves of the Journeyman {Str+3
                  | Stlth+} (Okawaru gifted it to you in the Desolation of
                  | Salt)
 36212 | Desolati | Found the +8 demon blade "Leech" {vamp, *Rage +Rage rN+}
 36700 | Vaults:2 | Noticed Bai Suzhen
 36722 | Vaults:2 | Killed Bai Suzhen
 37023 | D:10     | Bought a runed cloak for 240 gold pieces
 37121 | Elf:1    | Entered Level 1 of the Elven Halls
 37129 | Elf:1    | Found a runed translucent gate.
 37130 | Elf:1    | Found a runed translucent gate.
 37131 | Elf:1    | Found a runed translucent gate.
 37131 | Elf:1    | Noticed Ahimyadi's ghost (journeyman NaWn)
 37162 | Elf:1    | Found Realy's Antique Weapon Shoppe.
 37272 | Elf:1    | Identified the Volume of Axaxaxas mlö
 37285 | Elf:1    | Identified the Papyrus of Sand
 37295 | Elf:1    | Identified the Compendium of Plaster Cramp
 37495 | Elf:1    | Identified the Volume of Companions
 37548 | Elf:1    | Found the +6 shillelagh "Devastator" {shatter}
 37587 | Elf:1    | Got the ring "Remniffa" {AC+4}
 37981 | Elf:1    | Gained mutation: You are dopey. (Int -2) [mutagenic glow]
 37988 | Elf:1    | Killed Ahimyadi's ghost
 38033 | Elf:1    | Got a translucent cloak
 38034 | Elf:1    | Identified the +0 cloak of Fortitude {rF- Regen+ Dex+4}
                  | (You found it on level 1 of the Elven Halls)
 38065 | Elf:2    | Found a portal to a secret trove of treasure.
 38087 | Elf:2    | Found Kuomucic's Assorted Antiques.
 38089 | Elf:2    | Found Beluk's Weapon Boutique.
 38089 | Elf:2    | Found Otummu's Antique Armour Emporium.
 38101 | Elf:2    | Found Cipian's Weapon Emporium.
 38109 | Elf:2    | Found Efun's Assorted Antiques.
 38123 | Elf:2    | Received a gift from Okawaru
 38152 | Elf:2    | Bought a potion of curing for 105 gold pieces
 38535 | Elf:2    | Found a huge runed translucent gate.
 38535 | Elf:2    | Found a huge runed translucent gate.
 38535 | Elf:2    | Found a huge runed translucent gate.
 38536 | Elf:2    | Found a huge runed translucent gate.
 38538 | Elf:2    | Found a huge runed translucent gate.
 38898 | Elf:3    | Entered Level 3 of the Elven Halls
 39246 | Elf:3    | Reached XP level 22. HP: 147/147 MP: 27/27
 39451 | Elf:3    | Identified the +3 leather armour "Coal" {rC- rN+++ Str+4
                  | Dex-2}
 39512 | Elf:3    | Identified the amulet of Autumn {Reflect +Inv MR- Str+6
                  | SH+5}
 39528 | Elf:3    | Identified the amulet of Qeurad {Spirit +Blink Int-2 Dex+3}
 39552 | Elf:3    | Received a gift from Okawaru
 39648 | Elf:3    | Identified the cursed +2 trident of Woe {vorpal, *Corrode
                  | +Rage rElec Int+10}
 39649 | Elf:3    | Identified the Catalogue of Fetching Necromancy
 39705 | Elf:3    | Identified the Collected Works on Dislocation and Evil
 39712 | Elf:3    | Identified the Reference Book on Confrontation
 39736 | Elf:3    | Got a flickering crystal amulet
 39826 | Elf:3    | Got a scorched plate armour
 39827 | Elf:3    | Identified the +1 plate armour of Wopriem {+Inv rElec
                  | Str+6} (You found it on level 3 of the Elven Halls)
 40520 | Depths:1 | Entered Level 1 of the Depths
 40587 | Depths:1 | Found Bummoil's Jewellery Emporium.
 40594 | Depths:1 | Found the cursed necklace of Bloodlust {*Rage +Rage MR++
                  | Int-3 Slay+6 *Curse}
 40700 | Depths:1 | Received a gift from Okawaru
 41353 | Depths:1 | Got an ancient turquoise ring
 41712 | Depths:2 | Found a hide-covered altar of Uskayaw.
 41712 | Depths:2 | Noticed a caustic shrike
 41712 | Depths:2 | Noticed a caustic shrike
 41724 | Depths:2 | Killed a caustic shrike
 41725 | Depths:2 | Killed a caustic shrike
 41725 | Depths:2 | Reached XP level 23. HP: 136/153 MP: 28/28
 41802 | Depths:2 | Reached skill level 15 in Dodging
 41872 | Depths:2 | Noticed a caustic shrike
 41885 | Depths:2 | Killed a caustic shrike
 41885 | Depths:2 | Received a gift from Okawaru
 42196 | Depths:2 | Found a runed translucent door.
 42906 | Depths:2 | Found the +3 salamander hide armour {Flames rF++ rC--}
 42932 | Depths:2 | Got crude gold dragon scales
 42933 | Depths:2 | Identified the +2 gold dragon scales "Cyofaddo" {*Slow
                  | +Blink rElec rPois rF+ rC+ MP+9} (You found it on level 2
                  | of the Depths)
 43047 | Depths:2 | Got a faintly glowing triple sword
 43048 | Depths:2 | Identified the +6 triple sword "Vavei" {spect, +Blink rElec
                  | Int+4} (You found it on level 2 of the Depths)
 43049 | Depths:2 | Identified the amulet of Nihilism {Inacc Stlth+} (You found
                  | it on level 3 of the Elven Halls)
 43050 | Depths:2 | Identified the ring of Otigis {rElec rN+ MR++ MP+9 Str+4}
                  | (You found it on level 1 of the Depths)
 43149 | Depths:3 | Received a gift from Okawaru
 43170 | Depths:3 | Received a gift from Okawaru
 43395 | Depths:3 | Found a one-way gate leading to the halls of Pandemonium.
 43741 | Depths:3 | Noticed a juggernaut
 43751 | Depths:3 | Killed a juggernaut
 43751 | Depths:3 | Received a gift from Okawaru
 43938 | Depths:3 | Found a runed translucent gate.
 43938 | Depths:3 | Found a runed translucent gate.
 43938 | Depths:3 | Found a runed translucent gate.
 44123 | Depths:3 | Reached XP level 24. HP: 148/161 MP: 28/28
 44557 | Depths:4 | Received a gift from Okawaru
 44663 | Depths:4 | Received a gift from Okawaru
 45110 | Depths:4 | Found Plog's Gadget Emporium.
 45110 | Depths:4 | Found Huar's Jewellery Shop.
 45111 | Depths:4 | Found Akucag's Jewellery Shop.
 45467 | Depths:5 | Entered Level 5 of the Depths
 45507 | Depths:5 | Found a gateway to a ziggurat.
 45578 | Depths:5 | Noticed a juggernaut
 45592 | Depths:5 | Killed a juggernaut
 45592 | Depths:5 | Received a gift from Okawaru
 45634 | Depths:5 | Reached XP level 25. HP: 169/169 MP: 28/28
 45656 | Depths:5 | Found an iron altar of Okawaru.
 45899 | Depths:5 | Received a gift from Okawaru
 46815 | Depths:5 | Found a gate to the Realm of Zot.
 47212 | D:10     | Bought a scroll of enchant weapon for 112 gold pieces
 47212 | D:10     | Bought a scroll of enchant armour for 112 gold pieces
 47877 | Vaults:2 | Found a staircase to the Crypt.
 47905 | Vaults:2 | You are sucked into a shaft and drop 2 floors!
 48072 | Vaults:4 | Noticed Jory
 48087 | Vaults:4 | Killed Jory
 48098 | Vaults:4 | Received a gift from Okawaru
 48101 | Vaults:4 | Got an ichor-stained tower shield {god gift}
 48154 | Vaults:4 | Identified the +8 tower shield "Kaovira" {rF+ rC+ rN++}
                  | (Okawaru gifted it to you on level 4 of the Vaults)
 48350 | Vaults:4 | Noticed Sojobo
 48408 | Vaults:4 | Killed Sojobo
 48408 | Vaults:4 | Reached XP level 26. HP: 177/177 MP: 28/28
 48539 | Vaults:4 | Identified the +0 kite shield of Vanity {rN+ Dex+3}
 48539 | Vaults:4 | Noticed Asterion
 48539 | Vaults:4 | Noticed Frederick
 48558 | Vaults:4 | Killed Asterion
 48560 | Vaults:4 | Killed Frederick
 49118 | Vaults:5 | Entered Level 5 of the Vaults
 49145 | Vaults:4 | Received a gift from Okawaru
 49744 | Vaults:5 | Received a gift from Okawaru
 49844 | Vaults:5 | Reached XP level 27. HP: 184/184 MP: 28/28
 50116 | Vaults:5 | Identified the +4 fustibalus of Perfectionism {flame, rElec
                  | Str+5}
 50454 | Vaults:5 | Noticed an ancient lich
 50465 | Vaults:5 | Killed an ancient lich
 50465 | Vaults:5 | Received a gift from Okawaru
 50521 | Vaults:5 | Got a silver rune of Zot
 50903 | Vaults:5 | Got a pair of slimy boots
 50904 | Vaults:5 | Identified the +1 pair of boots "Eheliew" {rPois} (You
                  | found it on level 5 of the Vaults)
 51094 | Vaults:3 | Received a gift from Okawaru
 51221 | Vaults:3 | Found Gozag's Antique Armour Emporium.
 51223 | Vaults:3 | You are sucked into a shaft and drop 1 floor!
 51385 | Vaults:3 | Found Muhicais's Magic Scroll Boutique.
 51553 | Vaults:3 | Found an opulent altar of Gozag.
 51553 | Vaults:3 | Found Gozag's Assorted Antiques.
 51605 | Vaults:3 | Found Gozag's Assorted Antiques.
 52362 | D:10     | Bought the +8 orange crystal plate armour {Archmagi, Int+3
                  | Clar} for 4624 gold pieces
 52362 | D:10     | Found the +8 orange crystal plate armour {Archmagi, Int+3
                  | Clar}
 52460 | Orc:2    | Bought an uncursed ring of resist corrosion for 200 gold
                  | pieces
 52970 | Zot:1    | Entered Level 1 of the Realm of Zot
 52980 | Zot:1    | Lost mutation: You are dopey. (Int -2) [potion of mutation]
 52980 | Zot:1    | Lost mutation: You are weak. (Str -2) [potion of mutation]
 52980 | Zot:1    | Lost mutation: You can translocate small distances at will.
                  | [potion of mutation]
 52980 | Zot:1    | Gained mutation: You possess an exceptional clarity of
                  | mind. [potion of mutation]
 52980 | Zot:1    | Gained mutation: You are dopey. (Int -2) [potion of
                  | mutation]
 52980 | Zot:1    | Gained mutation: You have sharp toenails. [potion of
                  | mutation]
 53200 | Zot:1    | Noticed an orb of fire
 53204 | Zot:1    | Gained mutation: Armour fits poorly on your strangely
                  | shaped body. [an orb of fire]
 53212 | Zot:1    | Gained mutation: You do not regenerate when monsters are
                  | visible. [an orb of fire]
 53214 | Zot:1    | Gained mutation: Your flesh is heat resistant. (rF+) [an
                  | orb of fire]
 53215 | Zot:1    | Gained mutation: You are weak. (Str -2) [an orb of fire]
 53216 | Zot:1    | Gained mutation: Your magical capacity is low. (-10% MP)
                  | [an orb of fire]
 53218 | Zot:1    | Gained mutation: You are resistant to hostile enchantments.
                  | (MR+) [an orb of fire]
 53219 | Zot:1    | Gained mutation: Potions are less effective at restoring
                  | your health. [an orb of fire]
 53220 | Zot:1    | Killed an orb of fire
 53221 | Zot:1    | Lost mutation: You are dopey. (Int -2) [potion of mutation]
 53221 | Zot:1    | Lost mutation: Your magical capacity is low. (-10% MP)
                  | [potion of mutation]
 53221 | Zot:1    | Lost mutation: You do not regenerate when monsters are
                  | visible. [potion of mutation]
 53221 | Zot:1    | Gained mutation: Your mind is acute. (Int +2) [potion of
                  | mutation]
 53221 | Zot:1    | Lost mutation: Your mind is acute. (Int +2) [potion of
                  | mutation]
 53221 | Zot:1    | Gained mutation: Your mind is acute. (Int +2) [potion of
                  | mutation]
 53222 | Zot:1    | Lost mutation: Armour fits poorly on your strangely shaped
                  | body. [potion of mutation]
 53222 | Zot:1    | Lost mutation: Potions are less effective at restoring your
                  | health. [potion of mutation]
 53222 | Zot:1    | Lost mutation: You are resistant to hostile enchantments.
                  | (MR+) [potion of mutation]
 53222 | Zot:1    | Lost mutation: You have sharp toenails. [potion of
                  | mutation]
 53222 | Zot:1    | Gained mutation: Your mind is very acute. (Int +4) [potion
                  | of mutation]
 53222 | Zot:1    | Gained mutation: You have large cloven feet. [potion of
                  | mutation]
 53222 | Zot:1    | Gained mutation: You are partially covered in iridescent
                  | scales. (AC +2) [potion of mutation]
 53689 | Zot:2    | Received a gift from Okawaru
 53874 | Zot:2    | Found a runed translucent gate.
 53874 | Zot:2    | Noticed an orb of fire
 53875 | Zot:2    | Found a runed translucent gate.
 53885 | Zot:2    | Found a runed translucent gate.
 53886 | Zot:2    | Noticed Hutoaxke's ghost (veteran CeHu)
 54574 | Zot:2    | Gained mutation: You occasionally shout uncontrollably at
                  | your foes. [an orb of fire]
 54607 | Zot:2    | Killed an orb of fire
 54618 | Zot:2    | Killed Hutoaxke's ghost
 54618 | Zot:2    | Received a gift from Okawaru
 54668 | Zot:2    | Got a pair of scorched boots
 54675 | Zot:2    | Identified the cursed +0 pair of boots of Daisies {-Tele
                  | rN++} (You found it on level 2 of the Realm of Zot)
 56240 | Zot:4    | Found the +3 pair of gauntlets of War {Slay+5}
 56621 | Zot:5    | Entered Level 5 of the Realm of Zot
 56772 | Zot:5    | Received a gift from Okawaru
 56834 | Zot:5    | Noticed an ancient lich
 56862 | Zot:5    | Killed an ancient lich
 56885 | Zot:5    | Noticed an orb of fire
 56887 | Zot:5    | Noticed an orb of fire
 56890 | Zot:5    | Gained mutation: Potions are less effective at restoring
                  | your health. [an orb of fire]
 56900 | Zot:5    | Gained mutation: You sometimes yell uncontrollably at your
                  | foes. [an orb of fire]
 56902 | Zot:5    | Killed an orb of fire
 56907 | Zot:5    | Killed an orb of fire
 56907 | Zot:5    | Noticed an orb of fire
 56916 | Zot:5    | Gained mutation: Your magical capacity is low. (-10% MP)
                  | [an orb of fire]
 56918 | Zot:5    | Gained mutation: Your body sometimes deteriorates upon
                  | taking damage. [an orb of fire]
 56921 | Zot:5    | Killed an orb of fire
 56959 | Zot:5    | Received a gift from Okawaru
 56960 | Zot:5    | Lost mutation: Your body sometimes deteriorates upon taking
                  | damage. [potion of mutation]
 56960 | Zot:5    | Lost mutation: Your magical capacity is low. (-10% MP)
                  | [potion of mutation]
 56960 | Zot:5    | Lost mutation: You sometimes yell uncontrollably at your
                  | foes. [potion of mutation]
 56960 | Zot:5    | Lost mutation: Potions are less effective at restoring your
                  | health. [potion of mutation]
 56960 | Zot:5    | Gained mutation: You are partially covered in molten
                  | scales. (AC +2) [potion of mutation]
 56961 | Zot:5    | Lost mutation: Your mind is very acute. (Int +4) [potion of
                  | mutation]
 56961 | Zot:5    | Lost mutation: You have large cloven feet. [potion of
                  | mutation]
 56961 | Zot:5    | Lost mutation: You are weak. (Str -2) [potion of mutation]
 56961 | Zot:5    | Gained mutation: You have a pair of small horns on your
                  | head. [potion of mutation]
 56961 | Zot:5    | Gained mutation: You are partially covered in rugged brown
                  | scales. (AC +1, +3% HP) [potion of mutation]
 56961 | Zot:5    | Lost mutation: Your mind is acute. (Int +2) [potion of
                  | mutation]
 56961 | Zot:5    | Gained mutation: You are resistant to hostile enchantments.
                  | (MR+) [potion of mutation]
 57145 | Zot:5    | Got a polished cloak {god gift}
 57146 | Zot:5    | Identified the +0 cloak of Words of Power {Int+4} (Okawaru
                  | gifted it to you on level 5 of the Realm of Zot)
 57229 | Zot:5    | Noticed an orb of fire
 57231 | Zot:5    | Noticed an orb of fire
 57232 | Zot:5    | Noticed an orb of fire
 57234 | Zot:5    | Noticed an orb of fire
 57238 | Zot:5    | Noticed an ancient lich
 57243 | Zot:5    | Noticed an orb of fire
 57248 | Zot:5    | Killed an orb of fire
 57249 | Zot:5    | Gained mutation: Armour fits poorly on your strangely
                  | shaped body. [an orb of fire]
 57250 | Zot:5    | Killed an orb of fire
 57262 | Zot:5    | Gained mutation: You are frail. (-10% HP) [an orb of fire]
 57263 | Zot:5    | Killed an orb of fire
 57266 | Zot:5    | Killed an orb of fire
 57267 | Zot:5    | Killed an orb of fire
 57267 | Zot:5    | Received a gift from Okawaru
 57278 | Zot:5    | Paralysed by a Zot trap for 4 turns
 57374 | Zot:5    | Killed an ancient lich
 57804 | Zot:5    | Lost mutation: You possess an exceptional clarity of mind.
                  | [potion of mutation]
 57804 | Zot:5    | Lost mutation: You have a pair of small horns on your head.
                  | [potion of mutation]
 57804 | Zot:5    | Lost mutation: You are partially covered in molten scales.
                  | (AC +2) [potion of mutation]
 57804 | Zot:5    | Lost mutation: You are frail. (-10% HP) [potion of
                  | mutation]
 57804 | Zot:5    | Gained mutation: You are partially covered in molten
                  | scales. (AC +2) [potion of mutation]
 57805 | Zot:5    | Lost mutation: You occasionally shout uncontrollably at
                  | your foes. [potion of mutation]
 57805 | Zot:5    | Lost mutation: Armour fits poorly on your strangely shaped
                  | body. [potion of mutation]
 57805 | Zot:5    | Gained mutation: You have an increased reservoir of magic.
                  | (+10% MP) [potion of mutation]
 57805 | Zot:5    | Gained mutation: You are weak. (Str -2) [potion of
                  | mutation]
 57805 | Zot:5    | Gained mutation: You expend magic power (3 MP) to
                  | strengthen your wands. [potion of mutation]
 57864 | Zot:5    | Noticed an ancient lich
 57874 | Zot:5    | Killed an ancient lich
 57893 | Zot:5    | Gained mutation: Scrolls take you a little longer to read.
                  | [a neqoxec]
 57903 | Zot:5    | Received a gift from Okawaru
 58165 | Zot:5    | Found the +2 Maxwell's thermic engine {flame, freeze}
 58781 | D:8      | Fell from the grace of Okawaru
 58781 | D:8      | Became a worshipper of the Shining One
 59070 | Crypt:1  | Entered Level 1 of the Crypt
 59221 | Vaults:5 | Got a scorched war axe {god gift}
 59644 | Elf:3    | Identified the +11 war axe of Unpleasantness {vorpal, *Rage
                  | rPois Dex+5 Stlth+} (Okawaru gifted it to you on level 5 of
                  | the Vaults)
 59985 | Crypt:1  | Reached skill level 1 in Earth Magic
 60014 | Crypt:1  | Reached skill level 1 in Long Blades
 60035 | Crypt:1  | Reached * piety under the Shining One
 60082 | Crypt:1  | Reached ** piety under the Shining One
 60091 | Crypt:1  | Reached skill level 5 in Earth Magic
 60096 | Crypt:1  | Reached *** piety under the Shining One
 60476 | Crypt:1  | Got a twitching amber ring
 60561 | Crypt:2  | Reached **** piety under the Shining One
 60735 | Crypt:2  | Reached skill level 5 in Long Blades
 60784 | Crypt:2  | Reached skill level 10 in Earth Magic
 60851 | Crypt:2  | Reached ***** piety under the Shining One
 61205 | Crypt:2  | Reached ****** piety under the Shining One
 61636 | Crypt:3  | Entered Level 3 of the Crypt
 61820 | Crypt:3  | Found a basalt altar of Yredelemnul.
 61883 | Crypt:3  | Found the +5 scythe "Finisher" {speed, eviscerate}
 61985 | Crypt:3  | Reached skill level 10 in Invocations
 62388 | Crypt:3  | Found a staircase to the Tomb.
 62587 | Crypt:3  | Reached skill level 15 in Earth Magic
 63289 | Depths:3 | Identified the ring of Faby {Fire Int+4} (You found it on
                  | level 1 of the Crypt)
 63297 | Depths:3 | Acquired 666 gold pieces
 63300 | Depths:3 | Acquired 919 gold pieces
 63402 | Depths:3 | Voluntarily entered the Abyss.
 63499 | Abyss:2  | Found a corrupted altar of Lugonu.
 63663 | Abyss:3  | Gained mutation: You occasionally shout uncontrollably at
                  | your foes. [a neqoxec]
 63664 | Abyss:3  | Gained mutation: Your body sometimes deteriorates upon
                  | taking damage. [a neqoxec]
 63677 | Abyss:3  | Lost mutation: You are resistant to hostile enchantments.
                  | (MR+) [potion of mutation]
 63677 | Abyss:3  | Lost mutation: You are weak. (Str -2) [potion of mutation]
 63677 | Abyss:3  | Gained mutation: Your flesh is very heat resistant. (rF++)
                  | [potion of mutation]
 63678 | Abyss:3  | Lost mutation: You expend magic power (3 MP) to strengthen
                  | your wands. [potion of mutation]
 63678 | Abyss:3  | Lost mutation: You are partially covered in iridescent
                  | scales. (AC +2) [potion of mutation]
 63678 | Abyss:3  | Gained mutation: You expend magic power (3 MP) to
                  | strengthen your wands. [potion of mutation]
 63679 | Abyss:3  | Lost mutation: You expend magic power (3 MP) to strengthen
                  | your wands. [potion of mutation]
 63679 | Abyss:3  | Lost mutation: You have an increased reservoir of magic.
                  | (+10% MP) [potion of mutation]
 63679 | Abyss:3  | Lost mutation: Scrolls take you a little longer to read.
                  | [potion of mutation]
 63679 | Abyss:3  | Gained mutation: Your muscles are strong. (Str +2) [potion
                  | of mutation]
 63679 | Abyss:3  | Gained mutation: You are covered in fur. (AC +1) [potion of
                  | mutation]
 63859 | Abyss:3  | Found a corrupted altar of Lugonu.
 63949 | Abyss:3  | Gained mutation: Armour fits poorly on your strangely
                  | shaped body. [a shining eye]
 63955 | Abyss:3  | Lost mutation: Armour fits poorly on your strangely shaped
                  | body. [potion of mutation]
 63955 | Abyss:3  | Lost mutation: You occasionally shout uncontrollably at
                  | your foes. [potion of mutation]
 63955 | Abyss:3  | Lost mutation: Your muscles are strong. (Str +2) [potion of
                  | mutation]
 63955 | Abyss:3  | Gained mutation: You are partially covered in yellow
                  | scales. (AC +2) [potion of mutation]
 63955 | Abyss:3  | Gained mutation: You have a pair of small antennae on your
                  | head. [potion of mutation]
 64479 | Abyss:3  | Reached skill level 15 in Invocations
 64531 | Abyss:3  | Lost mutation: You are partially covered in yellow scales.
                  | (AC +2) [a shining eye]
 64579 | Abyss:3  | Gained mutation: You are weak. (Str -2) [a cacodemon]
 64632 | Abyss:3  | Got an abyssal rune of Zot
 64655 | Depths:3 | Escaped the Abyss
 64820 | D:15     | Was forgiven by Okawaru
 65149 | Slime:1  | Entered Level 1 of the Pits of Slime
 65288 | Slime:1  | Gained mutation: Your spells are a little easier to cast,
                  | but a little less powerful. [a shining eye]
 65302 | Slime:1  | Gained mutation: Armour fits poorly on your strangely
                  | shaped body. [a shining eye]
 66063 | Slime:2  | Gained mutation: You are clumsy. (Dex -2) [a shining eye]
 66064 | Slime:2  | Gained mutation: Your magical capacity is low. (-10% MP) [a
                  | shining eye]
 66578 | Slime:3  | Gained mutation: Your body often deteriorates upon taking
                  | damage. [a shining eye]
 66583 | Slime:3  | Gained mutation: You are very weak. (Str -4) [a shining
                  | eye]
 66619 | Slime:3  | Gained mutation: Scrolls take you a little longer to read.
                  | [a shining eye]
 66623 | Slime:3  | Gained mutation: You are dopey. (Int -2) [a shining eye]
 67182 | Slime:5  | Entered Level 5 of the Pits of Slime
 67184 | Slime:5  | Gained mutation: You do not regenerate when monsters are
                  | visible. [a shining eye]
 67713 | Vaults:3 | Bought a potion of mutation for 800 gold pieces
 67713 | Vaults:3 | Lost mutation: You are partially covered in molten scales.
                  | (AC +2) [potion of mutation]
 67713 | Vaults:3 | Lost mutation: Armour fits poorly on your strangely shaped
                  | body. [potion of mutation]
 67713 | Vaults:3 | Lost mutation: Your spells are a little easier to cast, but
                  | a little less powerful. [potion of mutation]
 67713 | Vaults:3 | Lost mutation: Your body often deteriorates upon taking
                  | damage. [potion of mutation]
 67713 | Vaults:3 | Gained mutation: Your flesh is cold resistant. (rC+)
                  | [potion of mutation]
 68253 | Slime:5  | Noticed the Royal Jelly
 68272 | Slime:5  | Killed the Royal Jelly
 68659 | Slime:5  | Found the +5 demon whip "Spellbinder" {antimagic, MR+}
 68728 | Slime:5  | Got a steaming double sword
 68753 | Slime:5  | Got an ancient battleaxe
 68779 | Slime:5  | Got a scintillating glass ring
 68794 | Slime:5  | Got a slimy rune of Zot
 68808 | Slime:5  | Identified the +6 double sword of Pestilence {vorpal, rF+}
                  | (You found it on level 5 of the Pits of Slime)
 68810 | Slime:5  | Identified the +8 battleaxe of the Ageing Boar {protect,
                  | rPois rF+ rN+} (You found it on level 5 of the Pits of
                  | Slime)
 68812 | Slime:5  | Identified the ring "Dotiegom" {rPois rC+ rN+ Str+4} (You
                  | found it on level 5 of the Pits of Slime)
 69242 | Hell     | Entered the Vestibule of Hell
 69242 | Hell     | Noticed Geryon
 69279 | Hell     | Killed Geryon
 69307 | Hell     | Found a gateway to the ashen valley of Gehenna.
 69487 | Hell     | Found a gateway to the Iron City of Dis.
 69545 | Hell     | Found a gateway to the freezing wastes of Cocytus.
 69761 | Hell     | Found a gateway to the decaying netherworld of Tartarus.
 69785 | Geh:1    | Entered Level 1 of Gehenna
 70684 | Geh:7    | Entered Level 7 of Gehenna
 71543 | Geh:7    | HP: 7/195 [Brimstone Fiend/damnation (43)]
 71962 | Geh:7    | Identified the cursed +0 lajatang of Nufoph {distort,
                  | +Blink rC- Dex+2}
 72643 | Geh:7    | Identified the Compendium of Bread
 72710 | Geh:7    | Identified the +7 sceptre of Asmodeus
 72710 | Geh:7    | Noticed Asmodeus
 72735 | Geh:7    | Killed Asmodeus
 72755 | Geh:7    | Got an obsidian rune of Zot
 73210 | Coc:1    | Entered Level 1 of Cocytus
 73708 | Coc:7    | Entered Level 7 of Cocytus
 73896 | Coc:7    | Noticed the Serpent of Hell
 73906 | Coc:7    | Killed the Serpent of Hell
 74562 | Coc:7    | Identified the cursed +3 mace of the Smoking Seer {distort,
                  | +Inv rN++}
 74562 | Coc:7    | Identified the +3 fire dragon scales of the Sneaky Violins
                  | {rF++ rC- Regen+ Slay+2 SInv}
 74562 | Coc:7    | Identified the ring "Nawaos" {Str+3 Dex+2 SInv Stlth-}
 74562 | Coc:7    | Noticed Antaeus
 74590 | Coc:7    | Cast into level 5 of the Abyss (Antaeus)
 74590 | Abyss:5  | Entered Level 5 of the Abyss
 74842 | Coc:7    | Escaped the Abyss
 74857 | Coc:7    | Killed Antaeus
 74879 | Coc:7    | Got an icy rune of Zot
 75317 | Dis:1    | Entered Level 1 of the Iron City of Dis
 76537 | Dis:5    | Identified the +4 tower shield of Love and Death {rC+ Int+6
                  | SInv}
 77250 | Dis:7    | Entered Level 7 of the Iron City of Dis
 78297 | Dis:7    | Reached skill level 27 in Invocations
 78945 | Dis:7    | Identified the +4 staff of Dispater
 78945 | Dis:7    | Noticed Dispater
 78962 | Dis:7    | Killed Dispater
 79111 | Dis:7    | Got an iron rune of Zot
 79258 | Tar:1    | Entered Level 1 of Tartarus
 79296 | Tar:1    | Identified a +7 broad axe of holy wrath (a +5 vorpal broad
                  | axe blessed by the Shining One)
 79296 | Tar:1    | Received a gift from the Shining One
 80914 | Tar:7    | Entered Level 7 of Tartarus
 81190 | Tar:7    | Noticed Ereshkigal
 81201 | Tar:7    | Killed Ereshkigal
 82087 | Tar:7    | Gained mutation: You are frail. (-10% HP) [a neqoxec]
 82273 | Tar:7    | Got a scintillating pewter ring
 82300 | Tar:7    | Noticed an ancient lich
 82305 | Tar:7    | Killed an ancient lich
 82311 | Tar:7    | Got a fine bronze ring
 82372 | Tar:7    | Identified the ring "Cecaige" {Wiz rPois rF+ Stlth+} (You
                  | found it on level 7 of Tartarus)
 82374 | Tar:7    | Identified the ring of Jealousy {rPois MR++ Slay-4 Stlth+}
                  | (You found it on level 7 of Tartarus)
 82386 | Tar:7    | Learned a level 9 spell: Shatter
 82409 | Tar:7    | Got a bone rune of Zot
 82941 | Pan      | Entered Pandemonium
 82961 | Pan      | Noticed Otidgh the pandemonium lord
 83013 | Pan      | Killed Otidgh the pandemonium lord
 83030 | Pan      | Got a demonic rune of Zot
 83068 | Pan      | Entered the realm of Lom Lobon.
 83538 | Pan      | Noticed Lom Lobon
 83547 | Pan      | Killed Lom Lobon
 83566 | Pan      | Got a magical rune of Zot
 83848 | Pan      | Noticed Unurote the pandemonium lord
 83859 | Pan      | Killed Unurote the pandemonium lord
 83956 | Pan      | Found an exit through the horrors of the Abyss.
 84088 | Pan      | Noticed Oboinease the pandemonium lord
 84099 | Pan      | Killed Oboinease the pandemonium lord
 84231 | Pan      | Found an exit through the horrors of the Abyss.
 84252 | Pan      | Noticed Ignacio
 84260 | Pan      | Killed Ignacio
 84403 | Pan      | Entered the realm of Gloorx Vloq.
 84507 | Pan      | Noticed Mennas
 84536 | Pan      | Killed Mennas
 84701 | Pan      | Noticed Gloorx Vloq
 84704 | Pan      | Identified the +2 tower shield of the Garden {-Cast Dex+6}
 84709 | Pan      | Killed Gloorx Vloq
 84730 | Pan      | Got a dark rune of Zot
 85006 | Pan      | Entered the realm of Cerebov.
 85125 | Pan      | Identified the +6 sword of Cerebov {flame}
 85125 | Pan      | Noticed Cerebov
 85273 | Pan      | Killed Cerebov
 85288 | Pan      | Got a fiery rune of Zot
 85345 | Pan      | Identified the +3 leather armour "Guekan" {Int+4}
 85386 | Pan      | Entered the realm of Mnoleg.
 85390 | Pan      | Gained mutation: Potions are less effective at restoring
                  | your health. [a neqoxec]
 85429 | Pan      | Lost mutation: You are clumsy. (Dex -2) [a neqoxec]
 85434 | Pan      | Noticed Mnoleg
 85442 | Pan      | Paralysed by a floating eye for 3 turns
 85449 | Pan      | Gained mutation: You are very frail. (-20% HP) [a shining
                  | eye]
 85451 | Pan      | Killed Mnoleg
 85456 | Pan      | Lost mutation: You are very weak. (Str -4) [a neqoxec]
 85463 | Pan      | Gained mutation: Your magical capacity is very low. (-20%
                  | MP) [a neqoxec]
 85479 | Pan      | Reached skill level 27 in Shields
 85485 | Pan      | Gained mutation: Armour fits poorly on your strangely
                  | shaped body. [a cacodemon]
 85500 | Pan      | Got a translucent wooden ring
 85576 | Pan      | Got a glowing rune of Zot
 85615 | Pan      | Found an exit through the horrors of the Abyss.
 85632 | Pan      | Reached skill level 27 in Fighting
 85648 | Pan      | Reached skill level 27 in Armour
 85656 | Pan      | Lost mutation: You do not regenerate when monsters are
                  | visible. [a cacodemon]
 85806 | Pan      | Gained mutation: You are clumsy. (Dex -2) [a neqoxec]
 86002 | Pan      | Gained mutation: Your magical capacity is extremely low.
                  | (-30% MP) [a cacodemon]
 86004 | Pan      | Gained mutation: You are very weak. (Str -4) [a cacodemon]
 86209 | Pan      | Noticed Viown the pandemonium lord
 86224 | Pan      | Killed Viown the pandemonium lord
 86313 | Pan      | Found an exit through the horrors of the Abyss.
 87052 | Pan      | Found a transporter.
 87060 | Pan      | Identified the ring "Peycaget" {rCorr Dex+4}
 87489 | Pan      | Reached skill level 1 in Spellcasting
 87669 | Pan      | Found an exit through the horrors of the Abyss.
 87938 | Pan      | Found a transporter.
 88019 | Pan      | Reached skill level 5 in Spellcasting
 88021 | Pan      | Found a transporter.
 88106 | Pan      | Got a transparent graven amulet
 88121 | Pan      | Got a transparent lead amulet
 88124 | Pan      | Identified the ring of Riybroso {MP+9 Int+4 Stlth+} (You
                  | found it in Pandemonium)
 88126 | Pan      | Identified the amulet "Qaicem" {RegenMP MR++ Str+4} (You
                  | found it in Pandemonium)
 88128 | Pan      | Identified the amulet "Bepask" {Acrobat rElec rPois Dex-2}
                  | (You found it in Pandemonium)
 88778 | Pan      | Noticed Lytrukku the pandemonium lord
 88783 | Pan      | Killed Lytrukku the pandemonium lord
 88793 | Pan      | Got a dazzling broad axe
 88796 | Pan      | Identified the cursed +1 broad axe of the Freezing Wolf
                  | {vorpal, +Inv rC+ Dex-2} (You found it in Pandemonium)
 88840 | Pan      | Reached skill level 10 in Spellcasting
 88915 | Pan      | Found a transporter.
 89101 | Pan      | Found an exit through the horrors of the Abyss.
 89110 | Pan      | Gained mutation: Scrolls take you longer to read. [a
                  | cacodemon]
 89360 | Pan      | Found a transporter.
 89411 | Pan      | Got a flickering jade amulet
 89420 | Pan      | Got a warped jade ring
 89436 | Pan      | Identified the amulet "Osaviymni" {rC+ Regen+ Int-5 Stlth+}
                  | (You found it in Pandemonium)
 89438 | Pan      | Identified the ring of Duohuf {MR+ Dex+2} (You found it in
                  | Pandemonium)
 89964 | Pan      | Took an exit into the Abyss.
 89964 | Abyss:1  | Escaped into the Abyss
 89967 | Abyss:1  | Found a corrupted altar of Lugonu.
 90084 | Depths:3 | Escaped the Abyss
 90478 | Tomb:1   | Entered Level 1 of the Tomb of the Ancients
 92788 | Tomb:1   | Noticed a greater mummy
 92793 | Tomb:1   | Killed a greater mummy
 93534 | D:4      | Fell from the grace of the Shining One
 93534 | D:4      | Became a worshipper of Zin the Law-Giver
 93534 | D:4      | Reached * piety under Zin
 93534 | D:4      | Reached ** piety under Zin
 93534 | D:4      | Reached *** piety under Zin
 93534 | D:4      | Reached **** piety under Zin
 93534 | D:4      | Reached ***** piety under Zin
 93906 | Pan      | Entered Pandemonium
 94234 | Pan      | Found an exit through the horrors of the Abyss.
 94364 | Pan      | Donated 6009 gold pieces to Zin
 94615 | Pan      | Reached ****** piety under Zin
 95142 | Pan      | Took an exit into the Abyss.
 95142 | Abyss:1  | Escaped into the Abyss
 95168 | Abyss:1  | Noticed an ancient lich
 95186 | Abyss:1  | Killed an ancient lich
 95186 | Abyss:1  | Reached skill level 15 in Spellcasting
 95314 | Depths:3 | Escaped the Abyss
 95614 | D:8      | Fell from the grace of Zin
 95614 | D:8      | Became a worshipper of the Shining One
 95896 | Depths:3 | Voluntarily entered the Abyss.
 96744 | Abyss:2  | Found a corrupted altar of Lugonu.
 97346 | Abyss:2  | Lost mutation: You are very frail. (-20% HP) [a neqoxec]
 97747 | Abyss:3  | Paralysed by accursed screaming for 2 turns
 97874 | Abyss:3  | Gained mutation: You occasionally shout uncontrollably at
                  | your foes. [a neqoxec]
 97879 | Abyss:3  | Gained mutation: You sometimes yell uncontrollably at your
                  | foes. [a neqoxec]
 98071 | Abyss:3  | Gained mutation: You tend to lose your temper in combat. [a
                  | neqoxec]
 98087 | Abyss:3  | Gained mutation: You are very frail. (-20% HP) [a neqoxec]
 98091 | Abyss:3  | Gained mutation: Your spells are a little easier to cast,
                  | but a little less powerful. [a neqoxec]
 98093 | Abyss:3  | Gained mutation: You do not regenerate when monsters are
                  | visible. [a neqoxec]
 98274 | Abyss:3  | Found an iron altar of Okawaru.
 98288 | Depths:3 | Escaped the Abyss
 98289 | Depths:3 | Upgraded the game from 0.26-a0-800-g517d6fe721 to
                  | 0.26-a0-810-ge1a9524b62
 98349 | Zig:1    | Entered Level 1 of a ziggurat
 98494 | Pan      | Entered Pandemonium
 98857 | Pan      | Noticed Ossar the pandemonium lord
 98873 | Pan      | Killed Ossar the pandemonium lord
 99192 | Pan      | Noticed Laumosch the pandemonium lord
 99206 | Pan      | Killed Laumosch the pandemonium lord
 99761 | Pan      | Found an exit through the horrors of the Abyss.
100340 | Pan      | Noticed Damioc the pandemonium lord
100352 | Pan      | Killed Damioc the pandemonium lord
100614 | Pan      | Found an exit through the horrors of the Abyss.
100947 | Pan      | Found an exit through the horrors of the Abyss.
101352 | Pan      | Acquired a book of Annihilations
101426 | Pan      | Noticed Oteisat the pandemonium lord
101432 | Pan      | Killed Oteisat the pandemonium lord
102129 | Pan      | Identified the +0 robe of Perfidy {rElec}
102618 | Pan      | Noticed Ijur the pandemonium lord
102628 | Pan      | Killed Ijur the pandemonium lord
102694 | Pan      | Found an exit through the horrors of the Abyss.
103455 | Pan      | Found an exit through the horrors of the Abyss.
103957 | Pan      | Noticed Reheig the pandemonium lord
103967 | Pan      | Killed Reheig the pandemonium lord
104638 | Pan      | Found a runed translucent door.
104722 | Pan      | Found an exit through the horrors of the Abyss.
105327 | Pan      | Noticed Tell the pandemonium lord
105334 | Pan      | Killed Tell the pandemonium lord
105481 | Pan      | Found an exit through the horrors of the Abyss.
105583 | Pan      | Noticed Zorphi Niem the pandemonium lord
105600 | Pan      | Killed Zorphi Niem the pandemonium lord
106208 | Pan      | Reached skill level 1 in Fire Magic
106218 | Pan      | Lost mutation: Your magical capacity is extremely low.
                  | (-30% MP) [potion of mutation]
106218 | Pan      | Lost mutation: Scrolls take you longer to read. [potion of
                  | mutation]
106218 | Pan      | Gained mutation: You have large cloven feet. [potion of
                  | mutation]
106313 | Pan      | Reached skill level 27 in Earth Magic
106403 | Pan      | Noticed Vaipn the pandemonium lord
106428 | Pan      | Reached skill level 5 in Fire Magic
106432 | Pan      | Killed Vaipn the pandemonium lord
106768 | Pan      | Found a huge runed translucent gate.
106778 | Pan      | Found a huge runed translucent gate.
106779 | Pan      | Found a huge runed translucent gate.
106779 | Pan      | Found a huge runed translucent gate.
106779 | Pan      | Found a huge runed translucent gate.
106779 | Pan      | Found a huge runed translucent gate.
106783 | Pan      | Found a huge runed translucent gate.
106790 | Pan      | Noticed Kuulubant the pandemonium lord
106803 | Pan      | Cast into level 2 of the Abyss (torturous warmonger)
106803 | Abyss:2  | Found a corrupted altar of Lugonu.
106825 | Pan      | Escaped the Abyss
106835 | Pan      | Killed Kuulubant the pandemonium lord
107183 | Pan      | Found an exit through the horrors of the Abyss.
107458 | Pan      | Noticed Taneo the pandemonium lord
107468 | Pan      | Killed Taneo the pandemonium lord
107470 | Pan      | Reached skill level 10 in Fire Magic
107706 | Pan      | Lost mutation: Your magical capacity is very low. (-20% MP)
                  | [potion of mutation]
107706 | Pan      | Lost mutation: Your flesh is very heat resistant. (rF++)
                  | [potion of mutation]
107706 | Pan      | Gained mutation: You have a pair of antennae on your head.
                  | [potion of mutation]
107716 | Pan      | Acquired 1249 gold pieces
108788 | Pan      | Noticed Mogoulot the pandemonium lord
108808 | Pan      | Killed Mogoulot the pandemonium lord
109894 | Pan      | Learned a level 9 spell: Fire Storm
110535 | Pan      | Found an exit through the horrors of the Abyss.
111204 | Pan      | Noticed Beichy the pandemonium lord
111211 | Pan      | Killed Beichy the pandemonium lord
111823 | Pan      | Reached skill level 15 in Fire Magic
112295 | Pan      | Noticed Raikuvvextu the pandemonium lord
112303 | Pan      | Killed Raikuvvextu the pandemonium lord
112720 | Pan      | Found an exit through the horrors of the Abyss.
113340 | Pan      | Noticed Ithriu the pandemonium lord
113349 | Pan      | Killed Ithriu the pandemonium lord
113432 | Pan      | Gained mutation: You frequently scream uncontrollably at
                  | your foes. [a cacodemon]
113849 | Pan      | Noticed Ethaimm the pandemonium lord
113860 | Pan      | Killed Ethaimm the pandemonium lord
113904 | Pan      | Found an exit through the horrors of the Abyss.
114969 | Pan      | Found an exit through the horrors of the Abyss.
115027 | Pan      | Noticed Alop the pandemonium lord
115029 | Pan      | Killed Alop the pandemonium lord
115430 | Pan      | Paralysed by accursed screaming for 1 turns
115435 | Pan      | Paralysed by accursed screaming for 1 turns
115735 | Pan      | Found an exit through the horrors of the Abyss.
116158 | Pan      | Noticed Reruatin the pandemonium lord
116168 | Pan      | Killed Reruatin the pandemonium lord
116733 | Pan      | Gained mutation: Your magical capacity is very low. (-20%
                  | MP) [a neqoxec]
116734 | Pan      | Lost mutation: You are clumsy. (Dex -2) [a neqoxec]
116744 | Pan      | Noticed Qiximo Rous the pandemonium lord
116771 | Pan      | Killed Qiximo Rous the pandemonium lord
116771 | Pan      | Gained mutation: You are very dopey. (Int -4) [a cacodemon]
116773 | Pan      | Gained mutation: You are extremely frail. (-30% HP) [a
                  | cacodemon]
117119 | Pan      | Found an exit through the horrors of the Abyss.
117563 | Pan      | Noticed Caycam the pandemonium lord
117589 | Pan      | Killed Caycam the pandemonium lord
118534 | Pan      | Found an exit through the horrors of the Abyss.
118607 | Pan      | Noticed Neeceudu the pandemonium lord
118627 | Pan      | Killed Neeceudu the pandemonium lord
118709 | Pan      | Reached skill level 1 in Conjurations
119272 | Pan      | Gained mutation: You are occasionally teleported next to
                  | monsters. [a cacodemon]
119456 | Pan      | Noticed Lanwauk the pandemonium lord
119482 | Pan      | Killed Lanwauk the pandemonium lord
119482 | Pan      | Reached skill level 5 in Conjurations
119741 | Pan      | Found an exit through the horrors of the Abyss.
120417 | Pan      | Found an exit through the horrors of the Abyss.
121017 | Pan      | Noticed Mojorphe the pandemonium lord
121033 | Pan      | Killed Mojorphe the pandemonium lord
121208 | Pan      | Gained mutation: You are clumsy. (Dex -2) [a neqoxec]
121210 | Pan      | Gained mutation: You are very clumsy. (Dex -4) [a neqoxec]
121379 | Pan      | Found an exit through the horrors of the Abyss.
121724 | Pan      | Noticed Askugeugop the pandemonium lord
121735 | Pan      | Killed Askugeugop the pandemonium lord
122032 | Pan      | Found an exit through the horrors of the Abyss.
122321 | Pan      | Found an exit through the horrors of the Abyss.
122461 | Pan      | Noticed Jem Geok the pandemonium lord
122466 | Pan      | Reached skill level 10 in Conjurations
122473 | Pan      | Killed Jem Geok the pandemonium lord
123147 | Pan      | Found an exit through the horrors of the Abyss.
123871 | Pan      | Noticed Samnuraw the pandemonium lord
123877 | Pan      | HP: 2/145 [Hell Sentinel/damnation (41)]
123879 | Pan      | Killed from afar by Samnuraw the pandemonium lord

Illustrated notes

Levels and vault maps discovered:
D:1:      elethiomel_arrival_infinity_welcomes_careful_drivers, layout_basic,
          minmay_tromino_v7
D:2:      layout_loops_corners
D:3:      layout_rooms
D:4:      layout_gridville, chequers_temple_overflow_statue_of_worship,
          amethyst_overflow_temple_binary, zin_academy, serial_shops, shop,
          shop_fountains, nicolae_shop_crystal, kennysheep_mini_moat, shop,
          uniq_crazy_yiuf_cottage
D:5:      layout_loops_ring, minmay_temple_entry_tees
D:6:      layout_rooms, lemuel_zombie_altar_kikubaaqudgha, serial_shops,
          nicolae_shop_crystal, minivault_19, minmay_misc_feat_doors
D:7:      layout_rooms, marbit_many_paths, serial_shops, shop, shop,
          minmay_lizard_king
D:8:      layout_loops_cross, lemuel_round_altar, kennysheep_little_box,
          patterned_corridor, uniq_joseph
D:9:      layout_cave_pools, erik_lair_orcish_takeover, uniq_erica
D:10:     layout_basic, serial_shops, nicolae_shop_trees, shop, shop,
          nicolae_shop_stone, shop_coins
D:11:     hangedman_screamer, layout_grid_maze,
          kennysheep_orc_monster_closet_entryway
D:12:     layout_basic, serial_corexii_hall, corexii_hall_statues_s,
          corexii_hall_statues_t
D:13:     layout_long_grid, uniq_snorg
D:14:     layout_big_octagon, hangedman_vaults_entry_quadrant_bands,
          infiniplex_staircase_pillars_2, serial_undead, serial_undead_a,
          serial_undead_a, serial_undead_b, serial_undead_e, uniq_jorgrun
D:15:     grunt_enter_depths_hoard, layout_long_grid, minivault_26,
          minmay_st_funbox, hangedman_decor_lopped, minmay_beelzebubs_servants
Temple:   dshaligram_water_room_temple
Lair:1:   layout_loops_ring
Lair:2:   regret_index_wax_grids, layout_hall_layers
Lair:3:   lemuel_ratsnest, layout_misc_corridors, grunt_forest_large_clearings
Lair:4:   dragon1_lemuel, layout_gridlike, skrybe_swamp_entry_bodies,
          nicolae_spider_entry_non_spiders
Lair:5:   layout_long_grid, enter_volcano_4, special_room
          [special_room_mythical_zoo], ebering_ghost_xom, minivault_25
Lair:6:   evil_forest, layout_cave_pods, slime_altar_1
Swamp:1:  layout_falls_marsh, evilmike_swamp_ruin_rubble_2, uniq_roxanne,
          uniq_louise
Swamp:2:  layout_basic_swamp, evilmike_swamp_ruin_house_3
Swamp:3:  layout_basic_swamp, hangedman_swamp_pad, cheibrodos_swamp_pet_leeches
Swamp:4:  grunt_swamp_rune_castle, layout_basic_swamp
Spider:1: layout_chambers
Spider:2: layout_chambers
Spider:3: layout_spider_delve, uniq_donald, uniq_arachne
Spider:4: grunt_spider_rune_island, gammafunk_ghost_abyssal_escape, uniq_mara
Slime:1:  layout_caves
Slime:2:  layout_caves
Slime:3:  layout_caves
Slime:4:  layout_caves
Slime:5
Orc:1:    layout_caves, ebering_ghost_gozag, mines2_david, uniq_gastronok,
          uniq_urug
Orc:2:    grunt_orc_tribal_feast, layout_caves, serial_shops,
          nicolae_shop_stone, portal_ice_cave_entry_imps, uniq_maurice
Elf:1:    minmay_roctagon, layout_geoelf_octagon, gammafunk_ghost_tricky_traps,
          serial_shops, shop_statue, minmay_elf_demonology,
          bh_hangedman_babel_library
Elf:2:    layout_loops_ring, enter_trove_1, serial_shops, shop,
          minmay_shop_grid_forest
Elf:3:    grunt_elf_hall_spiral, layout_geoelf_grid
Vaults:1: ontoclasm_vaults_bender, v_misc_5, nicolae_vaults_little_squares_1,
          nicolae_vaults_asterisk, dpeg_vaults_monster_box,
          layout_vaults_omnigrid
Vaults:2: nicolae_vaults_network_s, vaults_room_octagon,
          hangedman_vaults_stitches, ontoclasm_vaults_decontamination,
          hangedman_vaults_stagger, hangedman_vaults_pinch,
          nicolae_vaults_little_squares_5, nicolae_vaults_border_crossing,
          layout_vaults_chaotic_city, dummy_crypt_entry,
          portal_desolation_entry_salt, uniq_bai_suzhen
Vaults:3: grunt_vaults_hallway_short, vaults_standard_mumra_enter_the_diamond,
          kennysheep_vaults_gozag_temple, v_misc_13, v_rooms_3, v_misc_17,
          hangedman_vaults_maws, vaults_standard_mumra_enter_the_diamond,
          v_misc_24, hangedman_vaults_hat, vaults_room_grunt_arrival_checkpoint,
          v_misc_25, ontoclasm_vaults_loading_screen, layout_vaults_omnibox,
          serial_shops, shop
Vaults:4: v_rooms_6, nicolae_vaults_ring_of_whatevers,
          nicolae_vaults_little_squares_3, ontoclasm_vaults_chip,
          grunt_vaults_hallway_short, vaults_room_door_ring, sword_in_stone,
          nicolae_vaults_twisting_passages, vaults_room_door_ring,
          nicolae_vaults_windows_and_doors_thing, hangedman_vaults_corner,
          v_misc_2, layout_vaults_maze_bifur, uniq_jory, uniq_sojobo
Vaults:5
Crypt:1:  layout_rooms, lemuel_freeze_loot_1
Crypt:2:  layout_gridlike, lemuel_dead_fish_pool, tombwall_bobbens
Crypt:3:  church_of_pain_bobbens, layout_chaotic_city,
          nicolae_tomb_entry_unfolded_pyramid_diagonal
Tomb:1
Depths:1: layout_honeycomb, chequers_decorated_corner, grunt_hell_horde,
          minmay_swirly_circle, minmay_shop_star
Depths:2: regret_index_uskayaw_diablada_macabre, layout_basic,
          hangedman_coc_ice_floe, kennysheep_path_1, minmay_crystal_box,
          infiniplex_staircase_zigzag_5
Depths:3: minmay_the_grid_plus_closed [minmay_the_grid_outer_circle,
          minmay_the_grid_broken_lines, minmay_the_grid_mess,
          minmay_the_grid_holed_spiral, minmay_the_grid_prize_shrinking_boxes],
          layout_cave_shapes, hellmouth_1, serial_rivers,
          chequers_serial_rivers_small_a, chequers_serial_rivers_micro_e,
          chequers_serial_rivers_micro_e, chequers_serial_rivers_large_a,
          grunt_pan_entry_in_and_out, hangedman_abyss_entry_splay,
          pandoras_box_mu
Depths:4: grunt_crosshair, layout_honeycomb, minmay_room_of_horrors, hell_entry,
          nrook_campfire, minmay_staircase_windowed_large, minmay_shop_grove
Depths:5: grunt_zot_entry_hairpin, layout_gridlike, enter_ziggurat_e,
          okawaru_ov_weapons_minmay, hell_entry, minmay_misc_feat_five,
          minmay_liquid_box, minivault_16
Hell
Dis:1:    layout_regular_city, hangedman_dis_decor_blocks_mantle
Dis:2:    layout_overlapping_boxes, hangedman_dis_decor_tower
Dis:3:    layout_subdivisions
Dis:4:    layout_gridville
Dis:5:    layout_gridville
Dis:6:    layout_overlapping_boxes
Dis:7:    dis_grunt_layers
Geh:1:    layout_gehenna_pools_triple, hangedman_generic_boss_arena
Geh:2:    layout_gehenna_lava_caves
Geh:3:    layout_gehenna_pools_triple
Geh:4:    layout_gehenna_pools_triple, hangedman_elemental_corridor
Geh:5:    layout_gehenna_lava_caves, nicolae_geh_amphitheater
Geh:6:    layout_gehenna_lava_caves
Geh:7:    geh_grunt_pentagon
Coc:1:    layout_cocytus_water_paths
Coc:2:    layout_ice_bergs
Coc:3:    layout_ice_bergs
Coc:4:    layout_cocytus_water_paths
Coc:5:    layout_cocytus_water_paths
Coc:6:    layout_cocytus_water_paths
Coc:7:    coc_old
Tar:1:    layout_catacombs, grunt_megastairs_4
Tar:2:    layout_catacombs
Tar:3:    layout_grid_maze
Tar:4:    layout_grid_maze
Tar:5:    layout_catacombs, nicolae_tar_cuneiform_bird
Tar:6:    layout_grid_maze
Tar:7:    tar_grunt_cathedral
Zot:1:    layout_misc_corridors, grunt_megastairs_5
Zot:2:    layout_concentric_octagons, gammafunk_ghost_tricky_traps
Zot:3:    nicolae_zot_stationary_front, layout_misc_corridors,
          hangedman_spider_trapstep
Zot:4:    layout_twisted_circle
Zot:5:    layout_basic
Pan:      nicolae_pan_hourglass, layout_onion_city, lom_lobon,
          layout_stronghold, nicolae_pan_lom_lobonic_1,
          evilmike_mini_pan_doors_b, layout_gridlike,
          evilmike_mini_pan_pillars_b, layout_cellular_growth,
          nicolae_pan_diamonds, layout_cellular_growth, uniq_ignacio,
          gloorx_vloq, layout_gridlike, uniq_mennas_pan, pan_blood_fountain,
          nicolae_pan_mnolegish_5, pan_disco_hall, layout_cellular_growth,
          pan_blood_fountain, nicolae_pan_cerebovesque_1, evilmike_cerebov_lava,
          layout_small_grid, pan_blood_fountain_2, pan_blood_fountain,
          mnoleg_grunt_wretched_star, layout_irregular_city,
          evilmike_mini_pan_possible_glass, layout_irregular_city,
          nicolae_pan_sigil_obb, pan_surprise, gammafunk_the_bubble
          [the_bubble_gammafunk_crates], layout_pan_divisions_b
          [pan_division_quadrant_b3, pan_division_quadrant_b5,
          pan_division_quadrant_b1, pan_division_quadrant_b5],
          gammafunk_dig_for_victory, layout_long_grid, pan_blood_fountain_small,
          rand_demon_4, layout_cellular_growth, gammafunk_its_a_trap,
          layout_long_grid, nicolae_pan_lom_lobonic_2, nicolae_pan_sigil_itan,
          evilmike_mini_pan_pillars, layout_grid_shapes,
          nicolae_pan_sigil_nadil, nicolae_pan_gloorx_vloqian_1,
          grunt_pan_spiral, layout_gridlike, grunt_pan_sceptre,
          layout_onion_city, pan_blood_fountain_2, rand_demon_1, layout_basic,
          pan_blood_fountain_small, lemuel_hall_of_pain, layout_gridville,
          pan_blood_fountain_2, special_room [special_room_demon_pit],
          nicolae_pan_mnolegish_5, rand_demon_6, layout_pan_divisions_b
          [pan_division_quadrant_b1, pan_division_quadrant_b1,
          pan_division_quadrant_b1, pan_division_quadrant_b1],
          pan_blood_fountain_small, grunt_pan_in_and_out, layout_chambers,
          rand_demon_9, layout_gridlike, nicolae_pan_lom_lobonic_4,
          grunt_pan_in_and_out, layout_rooms, nicolae_pan_cerebovesque_3,
          evilmike_mini_pan_corner, layout_rooms, pan_blood_fountain_2,
          nicolae_pan_sigil_itan, nicolae_pan_lom_lobonic_2,
          nicolae_pan_giant_door, layout_pan_divisions_a
          [pan_division_quadrant_a3, pan_division_quadrant_a5,
          pan_division_quadrant_a6, pan_division_quadrant_a3,
          pan_division_octagon_empty], nicolae_pan_cerebovesque_2,
          grunt_pan_zigzag, layout_cellular_growth, evilmike_mini_pan_corridor,
          layout_gridlike, evilmike_mini_pan_pillars, layout_long_grid,
          pan_blood_fountain_small, evilmike_mini_pan_other_thingy,
          layout_long_grid, nicolae_pan_sigil_itan, rand_demon_4,
          layout_gridlike, pan_blood_fountain_small, nicolae_pan_strange_glyphs
          [nicolae_pan_strange_glyph_disgust, nicolae_pan_strange_glyph_despair,
          nicolae_pan_strange_glyph_disgust,
          nicolae_pan_strange_glyph_melancholia], grunt_pan_pentagram,
          layout_chambers, evilmike_mini_pan_3x3, layout_grid_shapes,
          evilmike_mini_pan_doors, layout_gridlike, pan_blood_fountain,
          rand_demon_2, layout_irregular_city, nicolae_pan_double_arrow,
          layout_onion_city, pan_blood_fountain_small,
          nicolae_pan_cerebovesque_1, rand_demon_8, layout_onion_city,
          evilmike_mini_pan_doors, layout_cellular_growth,
          reaverb_pan_chaos_star, nicolae_pan_gloorx_vloqian_1,
          evilmike_mini_pan_T, layout_pan_divisions_b [pan_division_quadrant_b1,
          pan_division_quadrant_b1, pan_division_quadrant_b6,
          pan_division_quadrant_b6], lemuel_hellion_island, layout_chambers,
          evilmike_mini_pan_possible_glass, layout_cellular_growth,
          evilmike_mini_pan_corner, layout_small_grid, grunt_pan_spiral,
          layout_gridville, rand_demon_8, layout_rooms,
          evilmike_mini_pan_pillars_b, layout_gridlike, pan_blood_fountain

Skill      XL: |  1  2  3  4  5  6  7  8  9 10 11 12 13 14 15 16 17 18 19 20 21 22 23 24 25 26 27 |
---------------+----------------------------------------------------------------------------------+-----
Axes           | 2 3 4 5 6 7 8 9 10 11 12 13 14 15 16 17 18 24 | 24.0
Dodging        | 1 2 3 4 5 6 7 8 9 10 11 12 13 14 15 16 17 22 | 22.3
Fighting       | 4 5 6 7 8 9 10 11 12 13 14 15 16 17 18 19 20 21 27 | 27.0
Shields        | 4 5 6 7 8 9 10 11 12 13 14 15 16 17 18 19 20 21 27 | 27.0
Armour         | 4 5 6 7 8 9 10 11 12 13 14 15 16 17 18 19 20 21 27 | 27.0
Invocations    | 3 5 7 27 | 27.0
Maces & Flails | 5 |  5.5
Earth Magic    | 27 | 27.0
Long Blades    | 6 |  6.9
Spellcasting   | 26 | 26.6
Fire Magic     | 21 | 21.7
Conjurations   | 12 | 12.1

Action                   |  1- 3 |  4- 6 |  7- 9 | 10-12 | 13-15 | 16-18 | 19-21 | 22-24 | 25-27 || total
-------------------------+-------+-------+-------+-------+-------+-------+-------+-------+-------++-------
Melee: War axe           |   119 |   221 |   419 |   563 |       |       |       |       |  3653 ||  4975
       Broad axe         |       |       |       |   386 |  1353 |  1438 |  1588 |  1371 |  7434 || 13570
       Spear             |       |       |       |       |    34 |       |       |       |       ||    34
       Eveningstar       |       |       |       |       |    31 |    75 |       |       |       ||   106
       Headbutt          |       |       |       |       |       |       |       |       |    27 ||    27
Invok: Heroism           |       |       |       |     1 |     3 |     3 |     5 |     1 |     5 ||    18
       Finesse           |       |       |       |       |     1 |     3 |     2 |       |     3 ||     9
       Cleansing Flame   |       |       |       |       |       |       |       |       |   119 ||   119
       Summon Divine War |       |       |       |       |       |       |       |       |    86 ||    86
       Divine Shield     |       |       |       |       |       |       |       |       |     6 ||     6
       Recite            |       |       |       |       |       |       |       |       |     1 ||     1
       Donate Gold       |       |       |       |       |       |       |       |       |     1 ||     1
       Brand Weapon With |       |       |       |       |       |       |       |       |     1 ||     1
 Abil: Fly               |       |       |       |       |     1 |       |       |       |     2 ||     3
       Stop Flying       |       |       |       |       |       |       |       |       |     2 ||     2
Evoke: Wand              |       |       |       |       |    10 |       |       |       |     8 ||    18
  Use: Scroll            |       |       |    17 |     8 |    17 |    13 |    21 |     7 |    49 ||   132
       Potion            |       |       |     2 |     4 |     2 |     5 |     5 |     1 |    32 ||    51
 Stab: Distracted        |       |       |       |       |       |       |       |       |     2 ||     2
       Confused          |       |       |       |       |       |       |       |       |     1 ||     1
Armor: Scale mail        |    19 |       |       |       |       |       |       |       |       ||    19
       Chain mail        |    76 |   155 |   123 |   149 |  1027 |       |       |       |       ||  1530
       Plate armour      |       |       |   173 |   511 |    98 |  1486 |  1118 |   543 |   296 ||  4225
       Crystal plate arm |       |       |       |       |       |       |       |       |  2123 ||  2123
Dodge: Dodged            |    36 |    60 |   111 |   409 |   775 |   716 |   600 |   368 |  1637 ||  4712
Block: Kite shield       |    74 |   130 |   269 |   780 |   445 |       |       |       |       ||  1698
       Tower shield      |       |       |       |       |  1393 |  1991 |  2147 |  1806 | 12439 || 19776
       Reflection        |       |       |       |       |       |       |    60 |    82 |   392 ||   534

Table legend: (Time is in decaauts)
 A = Elapsed time spent in this place.
 B = Non-inter-level travel time spent in this place.
 C = Inter-level travel time spent in this place.
 D = Time resting spent in this place.
 E = Time spent auto-exploring this place.
 F = Levels seen in this place.
 G = Mean time per level.
                   A        B        C        D        E       F      G
               +--------+--------+--------+--------+--------+-----+--------+
         Total | 121804 | 106905 |  14899 |   7774 |  64609 | 147 |  828.6 |
       Dungeon |  20309 |  13430 |   6879 |    866 |   8615 |  15 | 1353.9 |
        Temple |    171 |    151 |     20 |      0 |    109 |   1 |  171.0 |
          Lair |   8430 |   6567 |   1863 |    417 |   3883 |   6 | 1405.0 |
         Swamp |   3177 |   3056 |    121 |    259 |   1620 |   4 |  794.2 |
   Spider Nest |   5591 |   5320 |    271 |    978 |   2799 |   4 | 1397.8 |
    Slime Pits |   3049 |   2851 |    198 |    580 |   1722 |   5 |  609.8 |
  Orcish Mines |   1467 |   1208 |    259 |      0 |    829 |   2 |  733.5 |
   Elven Halls |   3246 |   2944 |    302 |    121 |   1817 |   3 | 1082.0 |
        Vaults |   7206 |   5441 |   1765 |     24 |   3592 |   5 | 1441.2 |
         Crypt |   3233 |   2653 |    580 |      0 |   1815 |   3 | 1077.7 |
          Tomb |   1234 |   1124 |    110 |      0 |    812 |   1 | 1234.0 |
        Depths |   7603 |   5941 |   1662 |    248 |   3790 |   5 | 1520.6 |
          Hell |    996 |    883 |    113 |    281 |    226 |   1 |  996.0 |
           Dis |   3624 |   3544 |     80 |    368 |   1829 |   7 |  517.7 |
       Gehenna |   2891 |   2831 |     60 |    886 |    955 |   7 |  413.0 |
       Cocytus |   1997 |   1741 |    256 |     75 |    701 |   7 |  285.3 |
      Tartarus |   3019 |   2934 |     85 |    190 |   1608 |   7 |  431.3 |
           Zot |   5113 |   4843 |    270 |    441 |   3038 |   5 | 1022.6 |
         Abyss |   4871 |   4871 |      0 |    268 |   2045 |  11 |  442.8 |
   Pandemonium |  32509 |  32509 |      0 |   1561 |  21875 |  44 |  738.8 |
      Ziggurat |     38 |     38 |      0 |      0 |      6 |   1 |   38.0 |
      Ice Cave |    595 |    595 |      0 |      0 |    292 |   1 |  595.0 |
       Volcano |    317 |    317 |      0 |      0 |    180 |   1 |  317.0 |
    Desolation |   1108 |   1108 |      0 |    209 |    448 |   1 | 1108.0 |
               +--------+--------+--------+--------+--------+-----+--------+

Top non-repeatable levels by time:
    D:11: 3614 daAuts
 Abyss:2: 2502 daAuts
   Geh:7: 2341 daAuts
  Lair:6: 2158 daAuts
Spider:2: 2137 daAuts
    D:12: 1886 daAuts
   Dis:7: 1825 daAuts
Vaults:5: 1746 daAuts
Vaults:1: 1732 daAuts
 Abyss:3: 1703 daAuts
Depths:2: 1699 daAuts
Depths:3: 1639 daAuts
    D:13: 1629 daAuts
    D:15: 1568 daAuts
   Zot:5: 1565 daAuts
